Cogmind - Beta 14 @@@ ROGUE MODE // 2024.12.23 @ 22:50:54 Player: Darby Result: Destroyed by P-80 Master with Gamma Rifle Performance ------------- Evolutions (9) 4500 Regions Visited (34) 6800 Robots Destroyed (438) 2190 Value Destroyed (21677) 21677 Prototype IDs (256) 5120 Alien Tech Used (3) 600 Bonus (24106) 24106 TOTAL SCORE: 64993 Bonus ------- High Alert Combat Kills 2828 Follower Combat Kills 3614 Entered Garrisons 600 Used RIF Installer 1500 Network Hubs Disabled 200 Aligned with FarCom 300 Met Data Miner 300 Used Data Conduit 3000 Met Zhirov 300 Built Enhanced Grunts 300 A7 Reached Mainframe 300 Met R17 at Cetus 500 Found Hidden Lab 3000 Decrypted A0 Command 3000 Met R17 at Research 2000 Pursued by Intercept 3000 Friendly Fire -636 Cogmind --------- Core Integrity 0/1600 Matter 300/300 Energy 80/100 System Corruption 45% Temperature Cool (0) Movement Walking (120) Location -1/Command Parts ------- > --- POWER (3) -------- (None) > --- PROPULSION (6) --- Centrium Leg > --- UTILITY (12) ----- Advanced Targeting Computer Advanced Target Analyzer Advanced Target Analyzer Core Analyzer Graphene Brace > --- WEAPON (4) ------- (None) > --- INVENTORY (5) ---- Large Storage Unit Guided Remote Datajack Peak State ------------ > --- POWER ------------ Quantum Reactor Quantum Reactor Light Quantum Reactor > --- PROPULSION ------- Experimental Flexi-carbon Leg Experimental Flexi-carbon Leg Heavy Armored Exoskeleton > --- UTILITY ---------- High-capacity Storage Unit Experimental Matter Compressor Advanced Targeting Computer Advanced Target Analyzer Advanced Target Analyzer Core Analyzer Core Analyzer Improved Cloaking Device Layered Light Armor Plating Experimental Powered Armor Experimental Shield Generator Deep Network Scanner > --- WEAPON ----------- Gamma Rifle Gamma Rifle Gamma Rifle Longsword +1 > --- INVENTORY -------- Light Antimatter Reactor Light Particle Reactor Light Particle Reactor Micro Antimatter Reactor Quantum Reactor Experimental Flexi-carbon Leg Biometal Leg Experimental Cooling System Large Storage Unit Matter Filter Improved Propulsion Shielding Antimissile System Transdimensional Reconstructor Enhanced Quantum Rifle Linked Autogun Rocket Array Fusion Bomb Launcher Guided Remote Datajack [Rating: 196] Favorites ----------- Power Quantum Reactor Engine Angular Momentum Engine Power Core Neutrino Core Reactor Quantum Reactor Propulsion Armored Treads Treads Armored Treads Leg Enhanced Flexi-carbon Leg Wheel Compact Wheel Hover Unit Antigrav System Flight Unit Makeshift Flight Unit Utility High-capacity Storage Unit Device Structural Scanner Storage High-capacity Storage Unit Processor Core Analyzer Hackware Hacking Suite Protection Light Regenerative Plating Weapon Impact Mace Energy Gun Cooled Plasma Rifle Energy Cannon Heavy Plasma Cannon Ballistic Gun KE Penetrator Ballistic Cannon Antimatter Cannon Launcher Rocket Array Special Weapon Remote Datajack Impact Weapon Impact Mace Slashing Weapon Phasing Sabre Piercing Weapon Heavy Pick Special Melee Weapon Datajack Build | -11 -10 -10 -10 -9 -8 -8 -8 -7 -7 -7 -7 -6 -6 -6 -6 -6 -5 -5 -5 -5 -5 -5 -5 -4 -4 -4 -4 -3 -3 -3 -3 -2 -1 -1 ------- Run | Yrd Mat Min Exi Min Mat Gar Mat Fac Low Low Dat Pro Fac Gar Fac Gar Fac Was Fac Ext Cet Arc Hub Fac Upp Upp Zhi Pro Res Arm Lab Res Acc Com Slots Evolved 18 | . . . . . 4 . . 2 . . . . 2 . . . 2 . . . . . . 2 . . . . 2 . . 2 2 . Power 2 | . . . . . . . . . . . . . 1 . . . . . . . . . . . . . . . . . . . 1 . Propulsion 4 | . . . . . 2 . . 1 . . . . . . . . . . . . . . . 1 . . . . . . . . . . Utility 10 | . . . . . 2 . . 1 . . . . 1 . . . 1 . . . . . . 1 . . . . 2 . . 1 1 . Weapon 2 | . . . . . . . . . . . . . . . . . 1 . . . . . . . . . . . . . . 1 . . Parts Attached 709 | 7 3 . 3 . 40 53 19 27 . 8 5 11 79 26 7 21 66 3 26 15 13 15 5 53 9 3 1 5 75 29 5 17 9 51 Power 64 | 1 . . . . 1 3 . . . . . . 7 3 3 . 7 . 3 1 2 3 . 6 1 . . . 6 4 . . 2 11 Engine 17 | 1 . . . . . . . . . . . . 1 1 2 . 4 . 1 1 1 1 . 3 1 . . . . . . . . . Core 19 | . . . . . 1 3 . . . . . . 5 2 1 . 3 . 2 . . . . 2 . . . . . . . . . . Reactor 28 | . . . . . . . . . . . . . 1 . . . . . . . 1 2 . 1 . . . . 6 4 . . 2 11 Propulsion 131 | 2 . . . . 10 13 2 3 . . . 3 15 2 . 9 17 . 2 2 2 2 . 12 3 . . . 10 8 . . . 14 Treads 28 | 1 . . . . 1 10 2 3 . . . . 5 . . . . . . . 2 1 . 3 . . . . . . . . . . Leg 87 | . . . . . 7 3 . . . . . 3 10 1 . 9 16 . 2 2 . 1 . 9 . . . . 8 6 . . . 10 Wheel 3 | 1 . . . . 1 . . . . . . . . . . . . . . . . . . . . . . . 1 . . . . . Hover 10 | . . . . . 1 . . . . . . . . 1 . . 1 . . . . . . . 1 . . . 1 1 . . . 4 Flight 3 | . . . . . . . . . . . . . . . . . . . . . . . . . 2 . . . . 1 . . . . Utility 219 | 2 2 . 1 . 10 16 6 11 . 4 1 4 28 4 4 1 17 1 6 4 2 3 . 14 3 . 1 3 33 10 3 7 6 12 Device 109 | 1 1 . . . 4 3 1 3 . 1 1 3 20 1 3 . 4 1 2 2 . 3 . 5 2 . . . 24 8 1 6 2 7 Storage 11 | 1 . . 1 . 1 . . . . . . . 1 . . 1 2 . . . . . . . . . . 1 1 . . . 1 1 Processor 20 | . 1 . . . 2 . . 1 . 1 . . . 1 . . 1 . 2 . . . . 3 . . . 1 1 2 . . 2 2 Hackware 32 | . . . . . . 6 2 6 . 1 . 1 1 1 . . 7 . 1 1 . . . 1 1 . . 1 1 . 1 . . . Protection 47 | . . . . . 3 7 3 1 . 1 . . 6 1 1 . 3 . 1 1 2 . . 5 . . 1 . 6 . 1 1 1 2 Artifact . | . . . . . . . . . . . . . . . . . . . . . . . . . . . . . . . . . . . Weapon 295 | 2 1 . 2 . 19 21 11 13 . 4 4 4 29 17 . 11 25 2 15 8 7 7 5 21 2 3 . 2 26 7 2 10 1 14 Energy Gun 46 | . . . . . 5 11 . . . . . . . . . . 6 . . 1 3 2 3 3 1 . . . 3 1 . . . 7 Energy Cannon 29 | . 1 . . . 1 3 4 3 . . 1 2 3 1 . 2 . . . . . . . . . . . . 4 . . 2 . 2 Ballistic Gun 38 | 2 . . 1 . 4 1 2 3 . 1 1 . 2 . . . 1 1 7 . . . . 1 . . . 1 2 1 . 5 . 2 Ballistic Cannon 24 | . . . . . . . . . . . . . 6 1 . . 5 . 1 . . . 1 5 1 . . . 4 . . . . . Launcher 32 | . . . . . . 1 1 2 . 1 2 1 1 4 . 7 2 . . . . . . 4 . 2 . . 1 1 . . . 2 Special Weapon 38 | . . . . . 6 4 4 1 . 1 . 1 . . . . 7 1 2 2 2 1 1 1 . 1 . . 2 . 1 . . . Impact Weapon 30 | . . . . . 1 . . 4 . . . . 12 6 . . 4 . 3 . . . . . . . . . . . . . . . Slashing Weapon 48 | . . . . . 1 . . . . 1 . . 5 5 . 2 . . . 5 2 3 . 4 . . . 1 10 3 1 3 1 1 Piercing Weapon 7 | . . . . . . . . . . . . . . . . . . . 2 . . 1 . 3 . . . . . 1 . . . . Special Melee Weapon 3 | . . . 1 . 1 1 . . . . . . . . . . . . . . . . . . . . . . . . . . . . Unidentified Prototypes 18 | . . . . . 3 . . 2 . . . . . . . . 1 . 1 . . . . 1 . . 1 . 2 4 2 1 . . Corrupted Parts 4 | . . . . . . . . . . . . . . 2 . . . . . . 1 1 . . . . . . . . . . . . System Corruption 27 | . . . . . . . . . . . . . . 19 . . . . . . 4 4 . . . . . . . . . . . . Parts Lost 116 | . . . . . . 1 1 . . . . 1 6 3 1 5 16 . 4 3 1 . . 23 2 1 . 4 4 . . 5 . 35 Power 25 | . . . . . . . . . . . . . 3 1 . 2 4 . . . 1 . . 3 1 . . 1 2 . . . . 7 Propulsion 29 | . . . . . . 1 1 . . . . 1 1 . . 1 6 . . 1 . . . 5 . . . 3 . . . . . 9 Utility 36 | . . . . . . . . . . . . . 2 2 . 1 3 . 2 2 . . . 8 . 1 . . 2 . . 3 . 10 Weapon 26 | . . . . . . . . . . . . . . . 1 1 3 . 2 . . . . 7 1 . . . . . . 2 . 9 Highest Loss Streak 17 | . . . . . . 1 1 . . . . 1 4 1 1 2 8 . 3 1 1 . . 7 2 1 . 4 2 . . 5 . 17 To Critical Strikes 2 | . . . . . . . . . . . . . . . . . . . . . . . . 2 . . . . . . . . . . Average Slot Usage (%) 84 | . 100 100 100 100 94 98 91 96 100 100 95 97 89 84 85 79 77 88 85 83 86 87 82 79 55 56 53 56 71 79 80 78 72 69 Engine 1 | . 14 14 14 14 . . . . . . . . . . 6 9 4 5 3 4 . . . 1 2 5 5 4 . . . . . . Core 4 | . . . . . 8 8 9 7 7 7 7 7 11 7 5 . 1 5 6 5 5 1 . 1 2 . . . . . . . . . Reactor 2 | . . . . . . . . . . . . . . 4 . . . . . . 4 9 11 6 . . . . 6 9 9 8 10 9 Treads 8 | . 14 14 14 14 2 23 30 36 38 38 38 29 4 . . . . . . . 9 11 11 2 4 . . . . . . . . . Leg 13 | . . . . . 30 12 . . . . . 6 19 20 20 25 17 17 17 16 6 4 5 14 8 . . . 11 14 14 13 12 10 Device 10 | . 14 14 14 14 16 4 6 12 15 14 2 13 13 9 5 . 1 4 5 16 17 16 11 7 7 10 10 10 14 17 14 15 15 8 Storage 6 | . 14 14 14 14 9 9 9 7 7 7 7 7 5 6 6 6 9 5 5 5 5 5 5 5 2 . . 4 3 4 4 4 4 4 Processor 7 | . . . . . 1 9 2 . 7 7 15 15 8 9 13 13 11 11 11 1 . . . 9 10 9 5 5 4 5 9 7 9 17 Hackware 6 | . . . . . . 6 12 6 . 5 4 . 3 6 6 6 9 11 9 2 5 5 5 6 8 10 10 14 13 9 9 8 8 4 Protection 5 | . . . . . 4 6 5 7 7 1 7 . 5 5 6 10 2 5 5 8 10 11 11 8 4 . 1 1 4 9 9 9 5 6 Energy Gun 2 | . . . . . 5 8 . . . . . . . . . . 3 11 9 . 3 3 4 3 1 . . . 2 . . . . 3 Energy Cannon 1 | . 6 14 14 14 2 4 7 5 7 4 2 1 1 . . . . . . . . . . . . . . . 1 . . 1 . . Ballistic Gun 2 | . 21 14 . 14 3 . 7 4 7 5 2 7 1 . . . . 4 1 . . . . . . . . . . 3 4 6 4 1 Special Weapon 1 | . . . . . 4 3 1 1 . 1 . 5 . . . . 2 . . 2 1 . 4 . . . 5 . . . . . . . Impact Weapon 1 | . . . . . . . . 3 . . . . 7 6 . . 4 . 2 . . . . . . . . . . . . . . . Slashing Weapon 2 | . . . . . . . . . . . 3 . 1 6 12 4 . . . 7 7 12 5 3 . . . . 1 4 4 1 3 2 Peak Build Rating 196 | 8 8 7 9 9 42 51 51 63 55 57 65 67 77 83 79 88 95 97 102 97 122 123 120 130 87 58 56 65 157 162 169 185 180 196 Average Rating 83 | 6 7 7 8 9 29 34 43 57 55 54 58 61 72 72 76 67 79 94 93 90 111 120 116 109 74 52 49 52 122 153 162 179 169 153 On Entrance 73 | . 8 7 7 9 9 40 51 46 55 55 55 65 67 74 72 70 55 95 94 102 87 122 115 120 86 54 46 56 34 152 161 169 148 180 Naked Turns . | . . . . . . . . . . . . . . . . . . . . . . . . . . . . . . . . . . . Heaviest Build 135 | 13 14 14 29 29 59 78 78 80 78 78 78 71 87 80 71 86 85 85 87 89 99 105 108 113 61 16 11 16 73 84 84 99 127 135 Greatest Support 160 | 16 16 16 16 16 80 97 97 117 117 117 117 117 106 88 88 101 101 85 90 95 160 160 160 160 75 16 16 16 150 150 136 136 136 136 Greatest Overweight (x) 5 | . . . 1 1 1 2 . . . . . . 1 . . 1 2 . . 1 1 . . 2 1 . . 3 5 . . . . 4 Average Overweight (x) . | . . . . 1 . . . . . . . . . . . . . . . . . . . . . . . . . . . . . . Largest Inventory Capacity 20 | 8 8 8 15 15 20 20 20 20 20 20 20 20 20 20 20 20 20 20 20 20 20 20 20 20 20 5 5 10 10 10 10 10 20 20 Average Capacity 18 | 7 8 8 14 15 16 20 20 20 20 20 20 20 19 20 20 20 20 20 20 20 20 20 20 20 11 5 5 8 8 10 10 10 19 17 Most Carried 20 | 8 8 8 14 14 20 20 20 20 15 16 20 20 20 20 20 20 20 20 20 20 20 20 20 20 17 5 5 9 10 10 10 10 7 20 Average Carried 16 | 6 7 8 12 14 16 19 19 19 15 15 16 19 19 17 19 19 17 19 19 18 19 19 20 18 9 4 4 8 8 9 9 9 6 13 Final Capacity 20 | 8 8 8 15 15 20 20 20 20 20 20 20 20 20 20 20 20 20 20 20 20 20 20 20 20 5 5 5 10 10 10 10 10 20 5 Final Carried 20 | 8 8 8 14 14 20 20 20 15 15 16 20 20 20 20 20 19 19 20 19 19 20 20 20 18 5 5 5 9 9 9 10 8 7 2 Class Distribution -------------------- 20% | Mutant 11% | Scavenger-Mutant 10% | Hacker-Mutant 10% | Gladiator 9% | Bothacker-Mutant 7% | Scavenger-Skirmisher 6% | Commander-Gladiator 5% | Scavenger-Gladiator Dominant Class ---------------- Mutant | -10/Materials Mutant | -10/Mines Mutant | -10/Exiles Mutant | -9/Mines Mutant | -8/Materials Bothacker-Mutant | -8/Garrison Scavenger-Mutant | -8/Materials Mutant | -7/Factory Commander-Skirmisher | -7/Lower Caves Scavenger-Skirmisher | -7/Lower Caves Mutant | -7/Data Miner Scavenger-Skirmisher | -6/Proximity Caves Gladiator | -6/Factory Gladiator | -6/Garrison Gladiator | -6/Factory Bothacker-Mutant | -6/Garrison Bothacker-Mutant | -5/Factory Scavenger-Skirmisher | -5/Waste Mutant | -5/Factory Commander-Gladiator | -5/Extension Commander-Gladiator | -5/Cetus Commander-Gladiator | -5/Archives Commander-Gladiator | -5/Hub_04(d) Scavenger-Gladiator | -4/Factory Hacker-Mutant | -4/Upper Caves Hacker-Mutant | -4/Upper Caves Hacker-Mutant | -4/Zhirov Hacker-Mutant | -3/Proximity Caves Hacker-Skirmisher | -3/Research Hacker-Mutant | -3/Armory Hacker-Mutant | -3/Lab Hacker-Tank | -2/Research Hacker-Mutant | -1/Access Hacker-Mutant | -1/Command Resources | -11 -10 -10 -10 -9 -8 -8 -8 -7 -7 -7 -7 -6 -6 -6 -6 -6 -5 -5 -5 -5 -5 -5 -5 -4 -4 -4 -4 -3 -3 -3 -3 -2 -1 -1 ----------- Run | Yrd Mat Min Exi Min Mat Gar Mat Fac Low Low Dat Pro Fac Gar Fac Gar Fac Was Fac Ext Cet Arc Hub Fac Upp Upp Zhi Pro Res Arm Lab Res Acc Com Matter Collected 13411 | 366 114 . 40 . 601 741 309 435 . 187 132 283 1013 412 146 401 1181 100 437 424 155 208 66 659 252 112 . 194 981 306 . 1523 431 1202 Remotely . | . . . . . . . . . . . . . . . . . . . . . . . . . . . . . . . . . . . Salvage Created 20017 | 199 165 . . . 793 572 308 518 . 316 185 168 3357 958 278 655 1348 . 601 1040 75 314 223 2062 . 87 . . 881 261 . 2357 435 1861 Parts 941 | 24 18 . . . 41 36 16 19 . 26 10 5 112 39 12 32 67 . 28 38 2 27 8 109 . 5 . . 25 10 . 106 26 100 Haulers Intercepted 13 | . 1 . . . 3 . 2 1 . . . . 1 . 1 . 2 . . . . . 1 . . . . . 1 . . . . . Recyclers Shooed 11 | . 1 . . . . . . . . . . . 4 . . . 2 . 1 . . . . . . . . . 1 . . 1 . 1 Parts Field Recycled . | . . . . . . . . . . . . . . . . . . . . . . . . . . . . . . . . . . . Retrieved Matter . | . . . . . . . . . . . . . . . . . . . . . . . . . . . . . . . . . . . Parts Self-Destructed 35 | . . . . . . . . . . 26 . 8 . . . . . . . . . . . . . 1 . . . . . . . . Prevented 16 | . . . . . . . . . . 15 . . . . . . . . . . . . . . . 1 . . . . . . . . Kills | -11 -10 -10 -10 -9 -8 -8 -8 -7 -7 -7 -7 -6 -6 -6 -6 -6 -5 -5 -5 -5 -5 -5 -5 -4 -4 -4 -4 -3 -3 -3 -3 -2 -1 -1 ------- Run | Yrd Mat Min Exi Min Mat Gar Mat Fac Low Low Dat Pro Fac Gar Fac Gar Fac Was Fac Ext Cet Arc Hub Fac Upp Upp Zhi Pro Res Arm Lab Res Acc Com Combat Hostiles Destroyed 315 | . 3 . . . 7 17 3 9 . 13 4 4 47 31 3 24 21 . 6 14 1 . 2 33 . 8 . . 9 3 . 23 6 24 Melee 89 | . . . . . . 2 . . . . . . 17 8 3 5 2 . 2 14 1 . . 15 . . . . 2 2 . 2 . 14 Guns 74 | . 3 . . . 6 7 1 2 . . 1 1 3 . . . 4 . 3 . . . 2 5 . . . . 2 1 . 21 6 6 Cannons 28 | . . . . . 1 2 2 3 . 2 . 1 4 . . . 10 . . . . . . . . . . . 3 . . . . . AOE 86 | . . . . . . 6 . 2 . 11 3 2 3 13 . 18 3 . . . . . . 13 . 8 . . . . . . . 4 Classes Destroyed 22 | 3 3 . . . 3 4 . . . 2 . 1 4 . . . . . . . . . . . . . . . 1 . . 1 . . Worker 28 | 2 1 . . . 2 . 1 2 . . . . 6 . . . 3 . 1 . . . . 6 . . . . . . . 3 . 1 Builder 19 | . 2 . . . . . . . . . . . 1 . . . 3 . 1 . . . . 8 . . . . 2 . . 2 . . Tunneler 9 | 5 . . . . . . . 1 . . . . . . . . 3 . . . . . . . . . . . . . . . . . Hauler 13 | . 1 . . . 3 . 2 1 . . . . 1 . 1 . 2 . . . . . 1 . . . . . 1 . . . . . Recycler 19 | 1 . . . . 2 . . . . . . . 6 . . . . . . . . . . 3 . . . . 1 . . 2 1 3 Mechanic 4 | . . . . . . . . . . . . . 2 . . . . . . . . . . 1 . . . . . 1 . . . . Operator 12 | . . . . . . . . . . . . . 1 . . . . . . 1 . 9 . . . . . . . 1 . . . . Watcher 16 | . . . . . 2 . . 1 . . . . . . . . 2 . 3 2 . . . . . . . . 1 . . 3 1 1 Swarmer 58 | . 3 . . . . 4 . . . 11 . . 3 12 . 7 . . . . . . . 6 . 8 . . . . . . 4 . Cutter 8 | . . . . . . . . . . . . . 3 2 . 3 . . . . . . . . . . . . . . . . . . Saboteur 8 | . . . . . . 4 . . . . . . . 4 . . . . . . . . . . . . . . . . . . . . Grunt 89 | . . . . . 2 2 2 6 . . . 2 19 8 . 9 10 . . 7 . . 1 11 . . . . 2 . . 4 . 4 Brawler 5 | . . . . . . . . . . . . 1 3 . . . . . . . . . . . . . . . . . . 1 . . Duelist 5 | . . . . . . . . . . . . . 2 1 . 1 . . . 1 . . . . . . . . . . . . . . Protector 1 | . . . . . . . . . . 1 . . . . . . . . . . . . . . . . . . . . . . . . Sentry 39 | . . . . . 5 2 2 1 . 1 . 1 4 . 2 2 1 . 1 6 . . 1 4 . . . . 2 . . 2 . 2 Specialist 2 | . . . . . . . . . . 1 . . . . . 1 . . . . . . . . . . . . . . . . . . Hunter 27 | . . . . . . 2 . . . . . . 4 2 . 1 4 . 1 . . . . 4 . . . . . 2 . 6 . 1 Programmer 52 | . . . . . . 2 . 2 . . . . 7 2 1 . 6 . 2 . . . . 8 . . . . . . . 4 2 16 Heavy 2 | . . . . . . . . . . . . . . . . . . . . . . . . . . . . . . . . 2 . . Behemoth 1 | . . . . . . 1 . . . . . . . . . . . . . . . . . . . . . . . . . . . . Cetus Guard 1 | . . . . . . . . . . . . . . . . . . . . . 1 . . . . . . . . . . . . . Enhanced Grunt 4 | . . . . . . . . . . . 4 . . . . . . . . . . . . . . . . . . . . . . . Tracker 6 | . . . . . . . . . . . . . 1 . . . . . 1 . . . . . . . . . 1 1 . 2 . . Combat Programmer 6 | . . . . . . . . . . . . . 1 . . . . . 1 . . . . . . . . . 1 . . 2 . 1 Striker 3 | . . . . . . . . . . . . . . . . . . . . . . . . . . . . . 3 . . . . . Best Kill Streak 28 | 4 5 . . . 3 8 2 4 . 4 4 3 6 8 1 6 5 . 2 3 1 5 2 11 . 4 . . 2 2 . 28 8 6 Combat Bots Only 18 | . 3 . . . 2 8 1 3 . 4 3 3 6 8 1 6 3 . 2 3 1 . 2 6 . 4 . . 2 2 . 18 6 4 Max Kills in Single Turn 6 | 1 1 . . . 1 4 1 2 . 4 3 1 6 5 1 4 4 . 1 1 1 1 1 6 . 4 . . 1 1 . 2 1 2 Gunslinging . | . . . . . . . . . . . . . . . . . . . . . . . . . . . . . . . . . . . Exploded 5 | . . . . . . 4 . 1 . 4 3 1 3 5 . 4 2 . . . . . . 4 . 4 . . . . . . . 2 Melee 1 | . . . . . . 1 . . . . . . 1 1 1 1 1 . 1 1 1 . . 1 . . . . 1 1 . 1 . 1 Uniques/NPCs Destroyed 1 | . . . . . . . . . . . 1 . . . . . . . . . . . . . . . . . . . . . . . Data Miner (-7/Data Miner) Combat | -11 -10 -10 -10 -9 -8 -8 -8 -7 -7 -7 -7 -6 -6 -6 -6 -6 -5 -5 -5 -5 -5 -5 -5 -4 -4 -4 -4 -3 -3 -3 -3 -2 -1 -1 -------- Run | Yrd Mat Min Exi Min Mat Gar Mat Fac Low Low Dat Pro Fac Gar Fac Gar Fac Was Fac Ext Cet Arc Hub Fac Upp Upp Zhi Pro Res Arm Lab Res Acc Com Hostile Shots Fired 2494 | . 8 . . . 36 103 5 63 . 18 18 26 267 104 76 161 256 . 79 83 5 2 . 373 28 6 . 26 92 33 . 169 38 419 Missed 815 | . . . . . 7 24 . 22 . 9 3 11 99 34 20 61 54 . 12 17 1 1 . 112 16 5 . 10 39 15 . 95 26 122 Intercepted 11 | . . . . . . . . . . . . . . . . . . . . . . . . . . . . . . . . . . 11 Damage Taken 33764 | . 57 . . . 426 1387 86 467 . 294 706 244 3113 1354 375 1352 3949 . 1518 1196 207 30 . 5021 291 117 . 330 1221 205 . 1459 173 8186 Core 4139 | . 6 . . . 85 92 27 . . 58 50 23 333 91 44 100 499 . 195 127 26 . . 513 . 54 . 160 30 . . 17 . 1609 Absorbed by Shields 2443 | . . . . . . . . . . . . . . . . . . . . 348 25 . . . . . . . 178 76 . 475 62 1279 Reduced by Siege Mode 41 | . . . . . . . . . . . . . . . . . . . . . . . . 41 . . . . . . . . . . Redirected to Shielding 512 | . . . . . . . . . . . . . 11 12 9 10 37 . . . . . . 5 . . . . 2 15 . 307 . 104 Ignored by Resistances 99 | . . . . . . . 3 . . . . . . . 96 . . . . . . . . . . . . . . . . . . . Regen/Repaired (Parts) 3105 | . . . . . . . 115 . . . . . 909 . . . 392 128 174 336 . . . 178 . . . . . . . . 24 849 Core Remaining (%) 68 | 100 . . . 97 . . 62 . . . . 81 . . . 33 . . . . . . 15 . . . . 36 . . 91 100 . . Volleys Fired 795 | 16 19 . . . 75 63 32 38 . 22 11 16 36 11 . 16 79 6 45 8 5 12 6 49 . 3 3 . 64 6 . 73 22 59 Largest 3 | 2 2 . . . 2 2 2 2 . 2 2 2 2 1 . 1 3 3 3 1 2 3 3 3 . 1 1 . 3 1 . 2 1 2 Hottest 282 | 40 80 . . . 110 130 123 123 . 123 123 123 123 45 . 70 121 78 78 24 104 184 184 185 . 65 7 . 282 30 . 120 30 110 Shots Fired 1242 | 32 38 . . . 130 100 46 58 . 31 22 23 46 11 . 16 112 15 99 8 8 25 14 70 1 3 3 . 100 6 . 144 22 59 Gun 768 | 32 28 . . . 73 66 15 20 . 9 9 7 11 . . . 51 15 89 2 6 22 12 43 1 . . . 51 6 . 143 22 35 Cannon 313 | . 10 . . . 38 12 19 31 . 9 9 8 34 7 . 6 44 . 8 . . . 2 8 . 1 . . 49 . . 1 . 17 Launcher 58 | . . . . . . 2 . 4 . 4 4 2 1 4 . 10 2 . . . . . . 16 . 2 . . . . . . . 7 Special 103 | . . . . . 19 20 12 3 . 9 . 6 . . . . 15 . 2 6 2 3 . 3 . . 3 . . . . . . . Kinetic 527 | 32 28 . . . 38 . 15 20 . 9 9 7 23 7 . . 48 6 34 . . . 2 23 . 1 . . 28 6 . 143 22 26 Thermal 546 | . 10 . . . 92 78 19 31 . 9 9 8 22 . . . 47 9 63 2 6 22 12 28 1 . . . 72 . . 1 . 5 Explosive 56 | . . . . . . . . 4 . 4 4 2 1 4 . 10 2 . . . . . . 16 . 2 . . . . . . . 7 Electromagnetic 29 | . . . . . . 2 . . . . . . . . . 6 . . . . . . . . . . . . . . . . . 21 Robot Hit Streak 43 | 6 7 . . . 10 12 5 6 . 11 6 6 12 1 . 6 19 5 9 8 9 3 5 10 . 6 3 . 10 12 . 43 9 13 Robot Miss Streak 8 | 3 3 . . . 4 4 3 4 . 2 3 3 1 5 . 8 4 1 3 . 1 3 3 5 . 2 . . 4 1 . 3 2 2 Penetration Max 1 | . . . . . . . 1 . . . . . . . . . . . 1 . . . . 1 . . . . . . . . . . Secondary Targets 9 | . . . . . . 1 . . . . . . . . . . . . 1 . . . 2 . . . . . . . . 5 . . Max Gunslinging Chain 1 | . . . . . . 1 . . . . . . . . . . . . 1 . . . 1 . . . . . . . . 1 . . Shots Hit Robots 1331 | 15 22 . 4 . 80 67 29 30 . 22 14 13 150 46 16 23 112 12 67 80 8 22 7 114 . 2 3 . 81 18 . 137 21 116 Core Hits 819 | 9 7 . . . 27 25 6 17 . 21 41 13 48 33 5 74 62 3 18 27 1 9 6 108 . 13 . . 28 7 . 105 17 89 Critical Kills 9 | . . . . . . . . . . . . . 4 . . . . . . . . . . . . . . . 1 . . 2 . 2 Critical Parts Destroyed 48 | . . . . . . . . 3 . . . . 28 5 . . 7 . . . . . . . . . . . . . . 2 1 2 Critical Strikes 123 | . . . . . 4 1 . 3 . . . . 37 6 3 1 11 1 6 4 . 1 2 12 . . . . 4 1 . 4 1 21 Burn 18 | . . . . . 4 1 . . . . . . . . . . 3 1 5 . . 1 2 . . . . . 1 . . . . . Meltdown 1 | . . . . . . . . . . . . . . . . . . . . . . . . . . . . . 1 . . . . . Destroy 11 | . . . . . . . . 1 . . . . 1 . . . . . . . . . . . . . . . . . . 4 1 4 Blast 2 | . . . . . . . . . . . . . . . . . 1 . . . . . . 1 . . . . . . . . . . Corrupt 3 | . . . . . . . . . . . . . . . . 1 . . . . . . . . . . . . . . . . . 2 Smash 47 | . . . . . . . . 2 . . . . 33 5 . . 7 . . . . . . . . . . . . . . . . . Sever 36 | . . . . . . . . . . . . . 3 1 3 . . . . 4 . . . 7 . . . . 2 1 . . . 15 Impale 5 | . . . . . . . . . . . . . . . . . . . 1 . . . . 4 . . . . . . . . . . Melee Attacks 844 | . . . 4 . 3 15 . 10 . . 1 . 223 72 24 20 92 . 15 90 4 12 2 91 . . . 1 32 21 5 12 8 87 Impact 353 | . . . . . 1 10 . 10 . . . . 181 52 . . 92 . 7 . . . . . . . . . . . . . . . Slashing 411 | . . . . . 1 . . . . . 1 . 42 20 24 20 . . . 61 3 12 2 59 . . . 1 32 21 5 12 8 87 Piercing 70 | . . . . . . . . . . . . . . . . . . . 8 29 1 . . 32 . . . . . . . . . . Sneak Attacks 58 | . . . 4 . 2 . . 1 . . 1 . 16 1 1 1 4 . 1 4 . 9 . 7 . . . . 2 . . 1 . 3 Combat Hostiles 9 | . . . . . . . . . . . . . 2 1 . 1 . . . 4 . . . 1 . . . . . . . . . . Follow-up Attacks 68 | . . . . . . . . 1 . . . . 17 9 3 . 2 . . 23 1 . . 12 . . . . . . . . . . Damage Inflicted 58124 | 179 289 . . . 1329 1100 647 1525 . 1069 1240 426 7918 2757 614 3033 3975 327 1974 3189 253 1497 236 6703 . 542 . . 3248 879 . 5654 862 6659 Guns 16399 | 179 201 . . . 887 705 282 314 . 124 145 71 209 . . . 939 327 1603 51 120 359 228 953 . . . . 998 247 . 5425 862 1170 Cannons 5144 | . 88 . . . 386 237 352 427 . 278 153 70 476 35 . 173 1086 . . . . . . 68 . . . . 1227 . . . . 88 Explosions 11309 | . . . . . . 124 . 468 . 667 830 285 266 722 . 2264 704 . . . . . . 2566 . 542 . . . . . . . 1871 Melee 25112 | . . . . . 56 34 . 316 . . 112 . 6929 2000 614 596 1224 . 371 3138 133 1138 . 3116 . . . . 1023 632 . 218 . 3462 Ramming 160 | . . . . . . . 13 . . . . . 38 . . . 22 . . . . . 8 . . . . . . . . 11 . 68 Kinetic 12458 | 179 201 . . . 387 . 282 314 . 124 145 71 412 35 . . 1105 145 462 . . . . 416 . . . . 626 247 . 5425 862 1020 Thermal 9016 | . 88 . . . 886 953 352 427 . 278 153 70 273 . . . 920 182 1141 51 120 359 228 854 . . . . 1599 . . . . 82 Explosive 10936 | . . . . . . . . 468 . 667 830 285 266 722 . 2264 704 . . . . . . 2317 . 542 . . . . . . . 1871 Electromagnetic 442 | . . . . . . 113 . . . . . . . . . 173 . . . . . . . . . . . . . . . . . 156 Impact 9168 | . . . . . 56 34 . 316 . . . . 6025 1424 . . 1224 . 89 . . . . . . . . . . . . . . . Slashing 14162 | . . . . . . . . . . . 112 . 904 576 614 596 . . . 2330 96 1138 . 2461 . . . . 1023 632 . 218 . 3462 Piercing 1782 | . . . . . . . . . . . . . . . . . . . 282 808 37 . . 655 . . . . . . . . . . Highest Corruption 45 | . . . . . 6 6 6 1 1 2 2 2 11 33 35 35 15 15 20 20 25 29 9 4 4 4 4 4 8 . . 2 1 45 Average Corruption 9 | . . . . . 4 6 6 1 1 1 2 2 3 12 34 35 14 15 16 20 24 21 9 2 4 4 4 4 2 . . 1 1 12 Corruption Purged 33 | . . . . . . . . . . . . . 1 . . . . . . . . 20 . 4 . . . . 8 . . . . . Corruption Blocked . | . . . . . . . . . . . . . . . . . . . . . . . . . . . . . . . . . . . Effects 687 | . . . . . 34 47 16 3 3 10 . 11 51 40 24 34 56 18 73 78 20 30 8 15 8 4 . 3 24 . . 4 6 67 Message Errors 160 | . . . . . 10 11 6 . . 3 . 1 11 10 7 4 11 6 14 17 7 7 . 4 1 . . 1 9 . . 2 2 16 Matter Fused 163 | . . . . . 9 13 3 . . 1 . 3 11 13 9 8 16 3 19 18 1 6 . 5 3 1 . 1 6 . . . 1 13 Heat Flow Errors 82 | . . . . . . 4 1 . 1 2 . 1 10 5 3 5 6 4 8 9 3 3 . . . 1 . 1 5 . . 1 1 8 Energy Discharges 87 | . . . . . 5 5 . . . 2 . 3 7 5 2 3 4 . 12 15 2 4 4 2 1 1 . . 1 . . . 2 7 Parts Rejected 6 | . . . . . 1 1 . . . . . . . . . . 2 . . 1 . . . 1 . . . . . . . . . . Parts Fused 7 | . . . . . . 1 . . . . . . . . . . 2 . 2 . 1 . . 1 . . . . . . . . . . Data Loss (minor) 82 | . . . . . 3 7 3 3 . 1 . 1 5 4 1 7 5 2 10 9 1 4 2 1 2 1 . . 1 . . . . 9 Data Loss (major) 43 | . . . . . 1 1 2 . 2 1 . 1 2 3 . 5 2 1 1 4 4 1 2 . . . . . 2 . . . . 8 Misfires 16 | . . . . . 1 2 1 . . . . 1 1 . . . 4 . 2 . 1 . . 1 1 . . . . . . . . 1 Alerts 13 | . . . . . 2 1 . . . . . . 2 . . 1 1 1 1 3 . . . . . . . . . . . . . 1 Misdirections 11 | . . . . . . . . . . . . . 2 . 2 1 1 . . 2 . 1 . . . . . . . . . . . 2 Weapon Failures 17 | . . . . . 2 1 . . . . . . . . . . 2 1 4 . . 4 . . . . . . . . . 1 . 2 Overload Shots . | . . . . . . . . . . . . . . . . . . . . . . . . . . . . . . . . . . . Overflow Damage 4610 | . . . . . . 3 6 193 . 13 62 . 2331 495 . 54 277 . 84 61 . 399 . 286 . 14 . . 135 25 . . . 172 Projectiles 114 | . . . . . . 3 6 . . . . . 43 . . 8 6 . . . . . . . . . . . 48 . . . . . Explosions 139 | . . . . . . . . 9 . 13 10 . . 22 . 34 . . . . . . . 37 . 14 . . . . . . . . Melee 4357 | . . . . . . . . 184 . . 52 . 2288 473 . 12 271 . 84 61 . 399 . 249 . . . . 87 25 . . . 172 Knockbacks 73 | . . . . . . . . 2 . . . . 37 6 . . 25 . . . . . . . . . . . 3 . . . . . Impact 51 | . . . . . . . . 2 . . . . 33 5 . . 11 . . . . . . . . . . . . . . . . . Kinetic 14 | . . . . . . . . . . . . . 1 1 . . 10 . . . . . . . . . . . 2 . . . . . Secondary 8 | . . . . . . . . . . . . . 3 . . . 4 . . . . . . . . . . . 1 . . . . . Self-Inflicted Damage 968 | . . . . . . 52 . . . 76 . 37 46 110 . 159 . . . . . . . 73 . 102 . . . . . . . 313 Shots 43 | . . . . . . 3 . . . 3 . 2 2 5 . 11 . . . . . . . 5 . 4 . . . . . . . 8 Rammed 6 | . . . . . . . 2 . . . . . 3 . . . . . . . . . 1 . . . . . . . . . . . Targets Rammed 47 | . . . . . . . 3 . . . . . 3 . . . 4 . . . . . 1 . . . . . . . . 1 . 35 Kicked 40 | . . . . . . . . . . . . . . . . . 4 . . . . . . . . . . . . . . 1 . 35 Crushed 1 | . . . . . . . 1 . . . . . . . . . . . . . . . . . . . . . . . . . . . Highest Temperature 518 | 6 90 . . . 234 281 252 51 226 236 255 230 265 277 247 266 253 235 260 245 169 518 397 339 26 272 . 247 311 . . 35 49 217 Average Temperature 90 | 6 35 . . . 38 93 77 23 117 109 113 77 65 118 105 70 64 92 59 97 62 186 218 141 19 124 . 134 112 . . 19 49 91 Received Heat Transfer 3983 | . . . . . 162 330 54 180 . 12 . 72 285 237 156 387 420 . 9 359 27 9 . 676 9 . . 130 90 . . 61 . 318 Effects 27 | . . . . . 1 1 . . . . . . . . . . . . 2 . . 10 7 5 . . . 1 . . . . . . Shutdowns 3 | . . . . . . . . . . . . . . . . . . . . . . 3 . . . . . . . . . . . . Energy Bleed 4 | . . . . . . . . . . . . . . . . . . . . . . 1 1 1 . . . 1 . . . . . . Interference 18 | . . . . . 1 1 . . . . . . . . . . . . 2 . . 4 6 4 . . . . . . . . . . Matter Decay 1 | . . . . . . . . . . . . . . . . . . . . . . 1 . . . . . . . . . . . . Short Circuit 1 | . . . . . . . . . . . . . . . . . . . . . . 1 . . . . . . . . . . . . Siege Activations 1 | . . . . . . . . . . . . . . . . . . . . . . . . 1 . . . . . . . . . . Total Turns 18 | . . . . . . . . . . . . . . . . . . . . . . . . 18 . . . . . . . . . . Longest Duration 18 | . . . . . . . . . . . . . . . . . . . . . . . . 18 . . . . . . . . . . Robots Corrupted 39 | . . . . . . . . 2 . . . . 22 10 . 1 4 . . . . . . . . . . . . . . . . . Combat Hostiles 35 | . . . . . . . . 2 . . . . 20 10 . 1 2 . . . . . . . . . . . . . . . . . Parts Fried 47 | . . . . . . . . 2 . 1 . . 23 8 . 2 10 . . 1 . . . . . . . . . . . . . . Impact Corruptions 105 | . . . . . . . . 5 . . . . 68 19 . . 13 . . . . . . . . . . . . . . . . . Robots Melted 3 | . . . . . . . . . . . . . . . . . . . 1 . . . . . . . . . 2 . . . . . Combat Hostiles 3 | . . . . . . . . . . . . . . . . . . . 1 . . . . . . . . . 2 . . . . . Parts Melted 40 | . . . . . 3 5 . 1 . . . . 3 . . 2 2 . 13 . 1 . . . . . . . 9 . . 1 . . Heat Transferred 15911 | . 185 . . . 2109 1802 550 650 . 401 350 100 350 . . . 1751 450 2550 100 174 696 535 968 . . . . 2154 . . . . 36 Parts Sabotaged 7 | . . . . . . 6 . . . . . . . 1 . . . . . . . . . . . . . . . . . . . . Parts Stolen . | . . . . . . . . . . . . . . . . . . . . . . . . . . . . . . . . . . . Parts Stripped . | . . . . . . . . . . . . . . . . . . . . . . . . . . . . . . . . . . . Power Chain Reactions 2 | . . . . . . 2 . . . . . . . . . . . . . . . . . . . . . . . . . . . . Alert | -11 -10 -10 -10 -9 -8 -8 -8 -7 -7 -7 -7 -6 -6 -6 -6 -6 -5 -5 -5 -5 -5 -5 -5 -4 -4 -4 -4 -3 -3 -3 -3 -2 -1 -1 ------- Run | Yrd Mat Min Exi Min Mat Gar Mat Fac Low Low Dat Pro Fac Gar Fac Gar Fac Was Fac Ext Cet Arc Hub Fac Upp Upp Zhi Pro Res Arm Lab Res Acc Com Peak Influence 1601 | 40 164 63 . . 216 1110 540 217 . . . . 962 1601 1002 1443 782 269 591 238 349 319 327 1333 . . . . 225 167 . 668 648 291 Initial 840 | . 26 63 . . . 91 540 107 . . . . 70 670 840 577 757 177 48 32 108 59 41 151 . . . . 3 37 . . 388 288 Average 350 | 15 108 63 . . 95 689 329 105 . . . . 389 1272 860 1014 413 218 208 101 259 205 147 467 . . . . 98 94 . 109 534 131 Maximum Alert Level 5 | . . . . . 1 4 2 1 . . . . 3 5 3 4 3 1 2 1 1 1 1 4 . . . . 1 . . 2 2 1 Low Security (%) 47 | 100 100 100 . 100 90 17 10 97 . . . . 34 . . . . 41 62 87 13 45 79 15 . . . . 96 100 . 85 . 83 Level 1 25 | . . . . . 9 2 85 2 . . . . 29 . . . 62 58 29 12 86 54 20 45 . . . . 3 . . 6 24 16 Level 2 9 | . . . . . . 16 4 . . . . . 14 3 . 17 22 . 8 . . . . 23 . . . . . . . 8 75 . Level 3 12 | . . . . . . 60 . . . . . . 21 29 100 45 15 . . . . . . 1 . . . . . . . . . . Level 4 4 | . . . . . . 2 . . . . . . . 47 . 37 . . . . . . . 14 . . . . . . . . . . Level 5 . | . . . . . . . . . . . . . . 19 . . . . . . . . . . . . . . . . . . . . High Security . | . . . . . . . . . . . . . . . . . . . . . . . . . . . . . . . . . . . Max Security . | . . . . . . . . . . . . . . . . . . . . . . . . . . . . . . . . . . . Squads Dispatched 102 | . 2 . . . 4 . 2 4 . 1 . . 24 . 1 . 14 . 7 . . . 2 11 . . . . 12 5 . 8 . 5 Investigation 24 | . 1 . . . 2 . 1 . . . . . 6 . . . 6 . . . . . . 3 . . . . 3 1 . 1 . . Extermination 23 | . . . . . . . . 2 . . . . 5 . 1 . 3 . 2 . . . . 4 . . . . . . . 1 . 5 Reinforcement 25 | . 1 . . . 1 . 1 2 . . . . 3 . . . 2 . 3 . . . 2 1 . . . . 5 1 . 3 . . Assault 4 | . . . . . . . . . . 1 . . 2 . . . 1 . . . . . . . . . . . . . . . . . Garrison 10 | . . . . . 1 . . . . . . . 6 . . . . . . . . . . 3 . . . . . . . . . . Intercept 16 | . . . . . . . . . . . . . 2 . . . 2 . 2 . . . . . . . . . 4 3 . 3 . . Searches Triggered . | . . . . . . . . . . . . . . . . . . . . . . . . . . . . . . . . . . . Construction Impeded 4 | . . . . . . . . 1 . . . . . . . . . . 1 . . . . 1 . . . . 1 . . . . . Haulers Reinforced 4 | . . . . . . . . . . . . . 1 . . . 1 . . . . . . . . . . . 2 . . . . . Active Scanning Responses . | . . . . . . . . . . . . . . . . . . . . . . . . . . . . . . . . . . . Cargo Convoy Interrupts 1 | . . . . . . . . . . . . . . . . . 1 . . . . . . . . . . . . . . . . . Alert ID Control Effect 17 | . . . . . . . . . . . . . . . . . 17 . . . . . . . . . . . . . . . . . Stealth | -11 -10 -10 -10 -9 -8 -8 -8 -7 -7 -7 -7 -6 -6 -6 -6 -6 -5 -5 -5 -5 -5 -5 -5 -4 -4 -4 -4 -3 -3 -3 -3 -2 -1 -1 --------- Run | Yrd Mat Min Exi Min Mat Gar Mat Fac Low Low Dat Pro Fac Gar Fac Gar Fac Was Fac Ext Cet Arc Hub Fac Upp Upp Zhi Pro Res Arm Lab Res Acc Com Distress Signals 33 | . 2 . . . 1 . 1 . . . . . 4 . . . 3 . . 4 2 . 2 1 . . . . 6 . . 2 . 5 Communications Jammed . | . . . . . . . . . . . . . . . . . . . . . . . . . . . . . . . . . . . Distress Signals . | . . . . . . . . . . . . . . . . . . . . . . . . . . . . . . . . . . . Times Spotted 577 | . 4 . . . 13 37 13 12 . 32 4 6 69 33 7 32 50 5 24 23 11 9 6 44 6 9 . 5 27 7 . 42 11 36 Peak Tracking Total 14 | . 3 . . . 2 8 4 3 . 8 4 3 5 7 3 6 4 3 4 4 5 2 4 5 4 4 . 3 5 4 . 14 5 7 Tactical Retreats 39 | . 1 . . . . 1 . . . . . . 6 2 1 4 1 . . 1 . . . 6 2 1 . 2 2 . . 4 2 3 Traps | -11 -10 -10 -10 -9 -8 -8 -8 -7 -7 -7 -7 -6 -6 -6 -6 -6 -5 -5 -5 -5 -5 -5 -5 -4 -4 -4 -4 -3 -3 -3 -3 -2 -1 -1 ------- Run | Yrd Mat Min Exi Min Mat Gar Mat Fac Low Low Dat Pro Fac Gar Fac Gar Fac Was Fac Ext Cet Arc Hub Fac Upp Upp Zhi Pro Res Arm Lab Res Acc Com Traps Triggered 17 | . . . . . 1 . 1 . . . . . 2 2 1 1 4 . . . . . . . . . . . 4 . . . . 1 Indirectly . | . . . . . . . . . . . . . . . . . . . . . . . . . . . . . . . . . . . Trap Hack Attempts . | . . . . . . . . . . . . . . . . . . . . . . . . . . . . . . . . . . . Triggered . | . . . . . . . . . . . . . . . . . . . . . . . . . . . . . . . . . . . Disarmed . | . . . . . . . . . . . . . . . . . . . . . . . . . . . . . . . . . . . Reprogrammed . | . . . . . . . . . . . . . . . . . . . . . . . . . . . . . . . . . . . Reused . | . . . . . . . . . . . . . . . . . . . . . . . . . . . . . . . . . . . Traps Extracted . | . . . . . . . . . . . . . . . . . . . . . . . . . . . . . . . . . . . Installed . | . . . . . . . . . . . . . . . . . . . . . . . . . . . . . . . . . . . Triggered 4 | . . . . . . . . . . . . . . . . . 1 . . . . . . . . 2 . . 1 . . . . . Machines | -11 -10 -10 -10 -9 -8 -8 -8 -7 -7 -7 -7 -6 -6 -6 -6 -6 -5 -5 -5 -5 -5 -5 -5 -4 -4 -4 -4 -3 -3 -3 -3 -2 -1 -1 ---------- Run | Yrd Mat Min Exi Min Mat Gar Mat Fac Low Low Dat Pro Fac Gar Fac Gar Fac Was Fac Ext Cet Arc Hub Fac Upp Upp Zhi Pro Res Arm Lab Res Acc Com Machines Disabled 67 | . . . . . 3 7 . 1 . . . . 3 2 . 1 6 . 2 4 1 3 3 27 . . . . . 3 1 . . . Max in Single Turn 20 | . . . . . 1 1 . 1 . . . . 1 1 . 1 1 . 1 1 1 . 1 20 . . . . . 1 1 . . . Garrison Access 2 | . . . . . . . . . . . . . . . . . . . 1 . . . . . . . . . . . . 1 . . Garrison Relay 7 | . . . . . . 4 . . . . . . . 2 . 1 . . . . . . . . . . . . . . . . . . Phase Generator 1 | . . . . . . 1 . . . . . . . . . . . . . . . . . . . . . . . . . . . . Network Hub 1 | . . . . . . . . . . . . . . . . . . . . . . . 1 . . . . . . . . . . . Machines Repaired . | . . . . . . . . . . . . . . . . . . . . . . . . . . . . . . . . . . . Machines Dismantled 8 | . . . . . . 2 . . . . . . . . . . . . . 4 1 . 1 . . . . . . . . . . . Machines Sabotaged . | . . . . . . . . . . . . . . . . . . . . . . . . . . . . . . . . . . . Overloaded Fab Kills . | . . . . . . . . . . . . . . . . . . . . . . . . . . . . . . . . . . . Hacking | -11 -10 -10 -10 -9 -8 -8 -8 -7 -7 -7 -7 -6 -6 -6 -6 -6 -5 -5 -5 -5 -5 -5 -5 -4 -4 -4 -4 -3 -3 -3 -3 -2 -1 -1 --------- Run | Yrd Mat Min Exi Min Mat Gar Mat Fac Low Low Dat Pro Fac Gar Fac Gar Fac Was Fac Ext Cet Arc Hub Fac Upp Upp Zhi Pro Res Arm Lab Res Acc Com Machines Accessed 148 | . 4 . 5 . 12 3 6 7 . . 4 . 25 1 3 1 14 . 13 5 . . 1 8 1 . 9 . 8 2 2 4 4 6 Terminals 73 | . 4 . . . 8 3 2 5 . . . . 9 1 2 1 7 . 6 5 . . 1 4 . . . . 4 2 . 2 3 4 Fabricators 14 | . . . . . . . . 2 . . . . 4 . . . 3 . 1 . . . . 1 . . . . 2 . . 1 . . Repair Stations 14 | . . . . . 1 . 1 . . . . . 3 . . . 4 . 2 . . . . . . . . . . . . . 1 2 Recycling Units 9 | . . . . . 1 . 1 . . . . . 2 . . . . . 2 . . . . 2 . . . . 1 . . . . . Scanalyzers 8 | . . . . . 1 . 2 . . . . . 4 . . . . . 1 . . . . . . . . . . . . . . . Garrison Access 9 | . . . . . 1 . . . . . . . 3 . 1 . . . 1 . . . . 1 . . . . 1 . . 1 . . Total Hacks 489 | . 11 . 50 . 27 4 19 22 . . 26 . 65 1 6 2 40 . 22 10 . . 4 25 1 . 44 . 36 14 20 12 10 18 Successful 326 | . 6 . 50 . 16 . 13 15 . . 26 . 38 1 3 . 21 . 10 4 . . 1 9 1 . 44 . 21 5 20 7 6 9 Failed 162 | . 5 . . . 11 4 6 7 . . . . 26 . 3 2 19 . 12 6 . . 3 16 . . . . 15 9 . 5 4 9 Catastrophic 43 | . . . . . 4 1 3 4 . . . . 4 . 2 1 5 . 3 . . . . 5 . . . . 6 1 . 2 . 2 Database Lockouts 1 | . . . . . . . . . . . . . 1 . . . . . . . . . . . . . . . . . . . . . Manual 153 | . 10 . 1 . 11 2 5 7 . . . . 19 . 4 . 17 . 9 5 1 . 3 16 . . . . 18 12 . 7 . 6 Terminals 178 | . 11 . . . 17 4 3 9 . . . . 16 1 4 2 20 . 10 10 . . 4 15 . . . . 18 14 . 7 5 8 Fabricators 54 | . . . . . . . . 13 . . . . 11 . . . 10 . 3 . . . . 5 . . . . 9 . . 3 . . Repair Stations 42 | . . . . . 1 . 2 . . . . . 10 . . . 10 . 4 . . . . . . . . . . . . . 5 10 Recycling Units 22 | . . . . . 1 . 3 . . . . . 5 . . . . . 3 . . . . 2 . . . . 8 . . . . . Scanalyzers 36 | . . . . . 7 . 11 . . . . . 17 . . . . . 1 . . . . . . . . . . . . . . . Garrison Access 16 | . . . . . 1 . . . . . . . 6 . 2 . . . 1 . . . . 3 . . . . 1 . . 2 . . Terminal Hacks 190 | . 1 . 50 . 5 . 1 3 . . 26 . 3 1 . . 6 . 3 2 . . 1 1 1 . 44 . 8 5 20 3 3 3 Record 118 | . . . 49 . . . . . . . 11 . . . . . . . . . . . . . . . 36 . 2 . 20 . . . Part Schematic 20 | . . . . . . . . . . . 9 . 1 . . . 1 . . . . . . . . . 4 . 3 1 . 1 . . Robot Schematic 4 | . . . . . . . . 1 . . 3 . . . . . . . . . . . . . . . . . . . . . . . Prototype ID Bank 7 | . . . . . . . . . . . 3 . . . . . . . . . . . . . . . 4 . . . . . . . Open Door 8 | . . . . . . . . . . . . . . . . . 1 . . 2 . . . . 1 . . . . 1 . . 3 . Level Access Points 3 | . . . . . . . . . . . . . . . . . . . . . . . 1 . . . . . . 1 . 1 . . Branch Access Points 4 | . . . . . . . . 1 . . . . . . . . . . . . . . . 1 . . . . 1 . . 1 . . Emergency Access Points 1 | . . . . . . . . . . . . . . 1 . . . . . . . . . . . . . . . . . . . . Terminal Index 1 | . . . . . 1 . . . . . . . . . . . . . . . . . . . . . . . . . . . . . Fabricator Index 1 | . . . . . . . . 1 . . . . . . . . . . . . . . . . . . . . . . . . . . Unreport Threat 6 | . . . . . . . . . . . . . 1 . . . 2 . 2 . . . . . . . . . . . . . . 1 Locate Traps 2 | . . . . . . . . . . . . . . . . . 1 . . . . . . . . . . . . . . . . 1 Maintenance Status 1 | . . . . . . . . . . . . . . . . . . . . . . . . . . . . . 1 . . . . . Hauler Manifests 7 | . 1 . . . 1 . 1 . . . . . 1 . . . 1 . 1 . . . . . . . . . . 1 . . . . Zone Layout 6 | . . . . . 3 . . . . . . . . . . . . . . . . . . . . . . . 1 1 . . . 1 Derelict Proto ID Bank 1 | . . . 1 . . . . . . . . . . . . . . . . . . . . . . . . . . . . . . . Fabricator Hacks 33 | . . . . . . . . 10 . . . . 6 . . . 7 . 1 . . . . 3 . . . . 4 . . 2 . . Network Status 2 | . . . . . . . . . . . . . . . . . 1 . . . . . . 1 . . . . . . . . . . Load Schematic 16 | . . . . . . . . 5 . . . . 3 . . . 3 . 1 . . . . 1 . . . . 2 . . 1 . . Build 15 | . . . . . . . . 5 . . . . 3 . . . 3 . . . . . . 1 . . . . 2 . . 1 . . Repair Station Hacks 22 | . . . . . . . 2 . . . . . 8 . . . 3 . . . . . . . . . . . . . . . 3 6 Scan Component 12 | . . . . . . . 1 . . . . . 4 . . . 2 . . . . . . . . . . . . . . . 2 3 Repair 10 | . . . . . . . 1 . . . . . 4 . . . 1 . . . . . . . . . . . . . . . 1 3 Recycling Unit Hacks 5 | . . . . . . . . . . . . . 1 . . . . . 1 . . . . 1 . . . . 2 . . . . . Retrieve Components 5 | . . . . . . . . . . . . . 1 . . . . . 1 . . . . 1 . . . . 2 . . . . . Scanalyzer 25 | . . . . . 6 . 9 . . . . . 9 . . . . . 1 . . . . . . . . . . . . . . . Insert Component 14 | . . . . . 3 . 4 . . . . . 6 . . . . . 1 . . . . . . . . . . . . . . . Analyze 11 | . . . . . 3 . 5 . . . . . 3 . . . . . . . . . . . . . . . . . . . . . Garrison Access Hacks 14 | . . . . . 1 . . . . . . . 6 . 2 . . . 1 . . . . 1 . . . . 1 . . 2 . . Unlock Access 5 | . . . . . 1 . . . . . . . 3 . 1 . . . . . . . . . . . . . . . . . . . Seal Access 2 | . . . . . . . . . . . . . . . . . . . 1 . . . . . . . . . . . . 1 . . Coupler Status 7 | . . . . . . . . . . . . . 3 . 1 . . . . . . . . 1 . . . . 1 . . 1 . . Unauthorized Hacks 36 | . 5 . . . 4 . 1 1 . . . . 5 . 1 . 5 . 3 2 . . . 3 . . . . 6 . . . . . Terminals 18 | . 5 . . . 2 . . . . . . . 2 . 1 . 2 . 2 2 . . . . . . . . 2 . . . . . Botnet 14 | . 1 . . . 2 . . . . . . . 2 . 1 . 2 . 2 2 . . . . . . . . 2 . . . . . Skim 4 | . 4 . . . . . . . . . . . . . . . . . . . . . . . . . . . . . . . . . Fabricators 8 | . . . . . . . . 1 . . . . 2 . . . 2 . . . . . . 1 . . . . 2 . . . . . Prioritize 8 | . . . . . . . . 1 . . . . 2 . . . 2 . . . . . . 1 . . . . 2 . . . . . Repair Stations 2 | . . . . . 1 . . . . . . . . . . . 1 . . . . . . . . . . . . . . . . . Mechanics 1 | . . . . . 1 . . . . . . . . . . . . . . . . . . . . . . . . . . . . . Patch 1 | . . . . . . . . . . . . . . . . . 1 . . . . . . . . . . . . . . . . . Recycling Units 7 | . . . . . 1 . 1 . . . . . 1 . . . . . 1 . . . . 1 . . . . 2 . . . . . Recyclers 6 | . . . . . 1 . 1 . . . . . 1 . . . . . 1 . . . . 1 . . . . 1 . . . . . Mask 1 | . . . . . . . . . . . . . . . . . . . . . . . . . . . . . 1 . . . . . Scanalyzers . | . . . . . . . . . . . . . . . . . . . . . . . . . . . . . . . . . . . Garrison Access 1 | . . . . . . . . . . . . . . . . . . . . . . . . 1 . . . . . . . . . . Eject 1 | . . . . . . . . . . . . . . . . . . . . . . . . 1 . . . . . . . . . . Data Cores Recovered 2 | . . . . . . . . . . . . . . . . . . . . 1 . . . . . . . . . 1 . . . . Used 1 | . . . . . . . . . . . . . . . . . . . . . . . . . . . . . . 1 . . . . Hacking Detections 106 | . 4 . . . 9 3 5 6 . . . . 22 . 3 1 13 . 10 3 1 . 1 6 . . . . 7 1 . 3 2 6 Full Trace Events 17 | . . . . . 1 . . . . . . . 6 . . 1 4 . . . . . . 2 . . . . 2 . . 1 . . Feedback Events 1 | . . . . . 1 . . . . . . . . . . . . . . . . . . . . . . . . . . . . . Corruption 1 | . . . . . 1 . . . . . . . . . . . . . . . . . . . . . . . . . . . . . Feedback Blocked . | . . . . . . . . . . . . . . . . . . . . . . . . . . . . . . . . . . . Robot Schematics Acquired 4 | . . . . . . . . 1 . . 3 . . . . . . . . . . . . . . . . . . . . . . . Robots Built 10 | . . . . . . . . 10 . . . . . . . . . . . . . . . . . . . . . . . . . . Authchips 5 | . . . . . . . . 5 . . . . . . . . . . . . . . . . . . . . . . . . . . Time 289 | . . . . . . . . 289 . . . . . . . . . . . . . . . . . . . . . . . . . . Total Robot Build Rating 40 | . . . . . . . . 40 . . . . . . . . . . . . . . . . . . . . . . . . . . Part Schematics Acquired 29 | . . . . . 3 . 4 . . . 9 . 3 . . . 1 . . . . . . . . . 4 . 3 1 . 1 . . Parts Built 10 | . . . . . . . . . . . . . 3 . . . 3 . . . . . . 1 . . . . 2 . . 1 . . Authchips . | . . . . . . . . . . . . . . . . . . . . . . . . . . . . . . . . . . . Time 408 | . . . . . . . . . . . . . 126 . . . 133 . . . . . . 53 . . . . 46 . . 50 . . Total Part Build Rating 51 | . . . . . . . . . . . . . 12 . . . 15 . . . . . . 6 . . . . 13 . . 5 . . Parts Repaired 9 | . . . . . . . 1 . . . . . 3 . . . 1 . . . . . . . . . . . . . . . 1 3 Time 393 | . . . . . . . 44 . . . . . 113 . . . 89 . . . . . . . . . . . . . . . 28 119 Parts Recycled . | . . . . . . . . . . . . . . . . . . . . . . . . . . . . . . . . . . . Recycled Matter . | . . . . . . . . . . . . . . . . . . . . . . . . . . . . . . . . . . . Retrieved Matter . | . . . . . . . . . . . . . . . . . . . . . . . . . . . . . . . . . . . Retrieved Components 44 | . . . . . . . . . . . . . 10 . . . . . 9 . . . . 10 . . . . 15 . . . . . Parts Scanalyzed 9 | . . . . . 3 . 4 . . . . . 2 . . . . . . . . . . . . . . . . . . . . . Part Schematics Acquired 9 | . . . . . 3 . 4 . . . . . 2 . . . . . . . . . . . . . . . . . . . . . Parts Damaged 1 | . . . . . . . . . . . . . 1 . . . . . . . . . . . . . . . . . . . . . Bothacking | -11 -10 -10 -10 -9 -8 -8 -8 -7 -7 -7 -7 -6 -6 -6 -6 -6 -5 -5 -5 -5 -5 -5 -5 -4 -4 -4 -4 -3 -3 -3 -3 -2 -1 -1 ------------ Run | Yrd Mat Min Exi Min Mat Gar Mat Fac Low Low Dat Pro Fac Gar Fac Gar Fac Was Fac Ext Cet Arc Hub Fac Upp Upp Zhi Pro Res Arm Lab Res Acc Com Used RIF Installer 3 | . . . . . . 1 . . . . . . . 1 . 1 . . . . . . . . . . . . . . . . . . Command Fork 1 | . . . . . . . . . . . . . . . . 1 . . . . . . . . . . . . . . . . . . Alert ID Control 1 | . . . . . . . . . . . . . . 1 . . . . . . . . . . . . . . . . . . . . Robots Hacked 40 | . . . 4 . 1 14 4 1 . 3 . 1 . . . . 4 . 1 . . 2 . 2 . . 3 . . . . . . . Non-combat 9 | . . . 3 . . . 1 1 . . . . . . . . 2 . . . . . . 2 . . . . . . . . . . Combat 31 | . . . 1 . 1 14 3 . . 3 . 1 . . . . 2 . 1 . . 2 . . . . 3 . . . . . . . Robot Hacks Applied 47 | . . . 4 . 1 14 7 1 . 3 . 3 . . . . 5 . 2 . . 2 . 2 . . 3 . . . . . . . parse_system 14 | . . . 4 . 1 . 2 . . . . 1 . . . . 1 . . . . 2 . . . . 3 . . . . . . . find_chute 1 | . . . . . . . . . . . . . . . . . . . . . . . . 1 . . . . . . . . . . recall_reinforcements 1 | . . . . . . . . . . . . . . . . . 1 . . . . . . . . . . . . . . . . . purge_threat 3 | . . . . . . . 2 . . . . . . . . . 1 . . . . . . . . . . . . . . . . . block_reporting 1 | . . . . . . . . . . . . . . . . . . . . . . . . 1 . . . . . . . . . . scatter_targeting 2 | . . . . . . 2 . . . . . . . . . . . . . . . . . . . . . . . . . . . . wipe_record 2 | . . . . . . . 1 . . . . . . . . . . . 1 . . . . . . . . . . . . . . . reboot_system 1 | . . . . . . . . . . . . . . . . . . . 1 . . . . . . . . . . . . . . . overwrite_iff 4 | . . . . . . 1 . . . 1 . 1 . . . . 1 . . . . . . . . . . . . . . . . . streamctrl_high 1 | . . . . . . . . . . 1 . . . . . . . . . . . . . . . . . . . . . . . . formatsys_high 17 | . . . . . . 11 2 1 . 1 . 1 . . . . 1 . . . . . . . . . . . . . . . . . Relay Couplers Released 33 | . . . . . . 15 . . . . . . 4 7 . 3 . . . . . . . 4 . . . . . . . . . . Ejected 4 | . . . . . . . . . . . . . . . . . . . . . . . . 4 . . . . . . . . . . Machine Destruction 25 | . . . . . . 15 . . . . . . . 7 . 3 . . . . . . . . . . . . . . . . . . Programmers 4 | . . . . . . . . . . . . . 4 . . . . . . . . . . . . . . . . . . . . . Attached 17 | . . . . . . 6 2 . . 1 . 1 . 1 . . 5 . . . . . . 1 . . . . . . . . . . Fabnet Peak Effective % . | . . . . . . . . . . . . . . . . . . . . . . . . . . . . . . . . . . . Robots Rewired 29 | . . . . . . . . . . 2 . . . 3 . 2 . . . 17 1 . . . . . . . . 4 . . . . Allies Hacked 10 | . . . . . . . . . 1 2 . . . . . . 6 . 1 . . . . . . . . . . . . . . . Hacks Repelled . | . . . . . . . . . . . . . . . . . . . . . . . . . . . . . . . . . . . Allies | -11 -10 -10 -10 -9 -8 -8 -8 -7 -7 -7 -7 -6 -6 -6 -6 -6 -5 -5 -5 -5 -5 -5 -5 -4 -4 -4 -4 -3 -3 -3 -3 -2 -1 -1 -------- Run | Yrd Mat Min Exi Min Mat Gar Mat Fac Low Low Dat Pro Fac Gar Fac Gar Fac Was Fac Ext Cet Arc Hub Fac Upp Upp Zhi Pro Res Arm Lab Res Acc Com Total Allies 98 | . . . . . . 13 2 11 1 7 . 1 . 3 . 2 7 18 . 23 6 . . . . . . . . 4 . . . . Largest Group 19 | . . . . . . 8 8 10 10 10 . 1 . 3 2 4 3 19 15 19 16 13 8 1 . . . . . 4 . . . . Highest-Rated Group 894 | . . . . . . 141 141 370 362 362 . 41 . 90 60 133 244 668 546 540 894 860 602 96 . . . . . 224 . . . . Highest-Rated Ally 160 | . . . . . . 31 29 37 37 37 . 41 . 30 30 51 160 50 50 159 159 159 96 96 . . . . . 56 . . . . Total Orders . | . . . . . . . . . . . . . . . . . . . . . . . . . . . . . . . . . . . Ally Attacks 737 | . . . . . . 75 44 27 4 88 . 6 . 6 6 17 36 79 44 109 70 35 63 16 . . . . . 12 . . . . Total Damage 21389 | . . . . . . 992 627 447 90 2386 . 183 . 150 152 411 2057 3558 2022 2448 1922 981 2222 562 . . . . . 179 . . . . Kills 124 | . . . . . . 9 9 6 . 16 . 2 . 2 2 4 18 10 14 10 8 5 7 1 . . . . . 1 . . . . Allies Corrupted 2 | . . . . . . . . . . 1 . . . . . . . . 1 . . . . . . . . . . . . . . . Allies Melted 3 | . . . . . . . . . . . . . . 1 . . . . . 1 . . 1 . . . . . . . . . . . Intel | -11 -10 -10 -10 -9 -8 -8 -8 -7 -7 -7 -7 -6 -6 -6 -6 -6 -5 -5 -5 -5 -5 -5 -5 -4 -4 -4 -4 -3 -3 -3 -3 -2 -1 -1 ------- Run | Yrd Mat Min Exi Min Mat Gar Mat Fac Low Low Dat Pro Fac Gar Fac Gar Fac Was Fac Ext Cet Arc Hub Fac Upp Upp Zhi Pro Res Arm Lab Res Acc Com Robot Analysis Total 145 | . . . . . . . . . . . 145 . . . . . . . . . . . . . . . . . . . . . . . Derelict Logs Recovered 2 | . . . . . . . . . 1 . . 1 . . . . . . . . . . . . . . . . . . . . . . Drone Launches . | . . . . . . . . . . . . . . . . . . . . . . . . . . . . . . . . . . . Drone Recoveries . | . . . . . . . . . . . . . . . . . . . . . . . . . . . . . . . . . . . Exploration | -11 -10 -10 -10 -9 -8 -8 -8 -7 -7 -7 -7 -6 -6 -6 -6 -6 -5 -5 -5 -5 -5 -5 -5 -4 -4 -4 -4 -3 -3 -3 -3 -2 -1 -1 ------------- Run | Yrd Mat Min Exi Min Mat Gar Mat Fac Low Low Dat Pro Fac Gar Fac Gar Fac Was Fac Ext Cet Arc Hub Fac Upp Upp Zhi Pro Res Arm Lab Res Acc Com Turns Passed 30369 | 166 263 25 546 15 1440 1850 849 1361 273 889 212 989 3607 1054 412 682 2648 418 1707 1673 417 647 216 1793 311 140 82 207 1683 507 337 617 433 1900 Spaces Moved 17931 | 91 186 19 471 14 843 949 446 713 163 491 96 582 1716 602 219 342 1402 247 1171 936 185 244 103 931 328 244 141 331 1178 334 203 356 282 1372 Core 881 | 1 . . . . . . . . . . . . . . . . . . . . . . . . 146 . . 1 367 . . . . 366 Treads 3996 | . . . . . . 631 446 713 163 491 96 491 257 . . . . . . . 152 244 103 209 . . . . . . . . . . Legs 11303 | . . . . . 682 318 . . . . . 91 1459 602 219 342 1402 247 1171 936 33 . . 722 92 . . . 806 334 203 356 282 1006 Wheels 946 | 90 186 19 471 14 161 . . . . . . . . . . . . . . . . . . . . . . . 5 . . . . . Hover 8 | . . . . . . . . . . . . . . . . . . . . . . . . . . . . 8 . . . . . . Flight 797 | . . . . . . . . . . . . . . . . . . . . . . . . . 90 244 141 322 . . . . . . Fastest Speed 50 | 50 100 100 100 115 105 130 162 165 168 168 168 120 117 133 133 112 112 126 126 126 126 160 160 125 50 52 52 52 50 106 106 106 106 50 Average Speed 125 | 99 100 100 112 115 125 150 163 166 168 168 168 159 140 133 133 122 127 126 126 126 154 160 160 134 88 52 52 54 100 111 106 106 106 91 Slowest Speed 300 | 100 100 100 115 115 130 270 165 168 168 168 168 168 246 133 133 190 260 126 126 220 240 160 160 260 130 52 52 200 300 113 106 106 106 250 Overloaded Moves . | . . . . . . . . . . . . . . . . . . . . . . . . . . . . . . . . . . . Propulsion Burnouts . | . . . . . . . . . . . . . . . . . . . . . . . . . . . . . . . . . . . Robots Hopped 3 | . . . . . . . . . . . . . . . . . . . . . . . . . . . . . 3 . . . . . Cave-ins Triggered . | . . . . . . . . . . . . . . . . . . . . . . . . . . . . . . . . . . . Teleports 1 | . . . . . . . . . . . . . . . . . . . . . . . . . . . . . . 1 . . . . Exploration Rate (%) 47 | 6 34 11 73 13 65 80 43 16 42 66 78 88 57 49 7 46 37 97 26 84 65 96 16 20 54 52 62 51 49 28 93 13 9 27 Regions Visited 34 Branch Regions 18 Pre-discovered Areas 31 | . . . 1 . . . . . 1 . 26 . . . . . . . . . . . . . . . 3 . . . . . . . Known Exits Taken 14 | . . . . . 1 . . 1 1 1 1 1 1 . 1 . . . 1 . . . 1 1 . . . . 1 . 1 1 . . Unknown Exits Taken 15 | 1 1 1 1 1 . . 1 . . . . . . . . . . . . 1 1 1 . . 1 1 1 1 . 1 . . 1 . Scrap Searched 14 | . . . . . . . . . . 2 . 5 . . . . . . . . . . . . 1 2 . 4 . . . . . . Spaces Dug 213 | . . . . . 17 2 2 15 . . . 2 60 . 5 . 33 . 8 . . . 4 10 . 1 . 1 18 5 . 10 8 12 Terrain Destroyed 978 | . . . . . 17 8 14 23 . 116 36 61 90 32 5 141 59 1 15 . . 1 6 212 . 62 . 1 22 5 . 10 8 33 Melee 130 | . . . . . . 2 . 5 . . . . 41 . 5 . 22 . 3 . . . 2 5 . . . 1 10 5 . 9 8 12 Projectile 134 | . . . . . 17 . 14 12 . 2 . 8 21 6 . . 16 1 12 . . 1 4 6 . 1 . . 12 . . 1 . . AOE 714 | . . . . . . 6 . 6 . 114 36 53 28 26 . 141 21 . . . . . . 201 . 61 . . . . . . . 21 Terrain Rammed . | . . . . . . . . . . . . . . . . . . . . . . . . . . . . . . . . . . . Walls Destroyed . | . . . . . . . . . . . . . . . . . . . . . . . . . . . . . . . . . . . Machines Disabled . | . . . . . . . . . . . . . . . . . . . . . . . . . . . . . . . . . . . Actions | -11 -10 -10 -10 -9 -8 -8 -8 -7 -7 -7 -7 -6 -6 -6 -6 -6 -5 -5 -5 -5 -5 -5 -5 -4 -4 -4 -4 -3 -3 -3 -3 -2 -1 -1 --------- Run | Yrd Mat Min Exi Min Mat Gar Mat Fac Low Low Dat Pro Fac Gar Fac Gar Fac Was Fac Ext Cet Arc Hub Fac Upp Upp Zhi Pro Res Arm Lab Res Acc Com Total 23594 | 131 225 25 483 13 1047 1226 526 813 162 522 119 617 2671 761 310 555 1998 340 1285 1307 299 464 137 1257 354 252 147 358 1556 441 318 584 405 1886 Wait 2605 | 8 12 7 . . 51 66 12 4 . . . 4 574 34 57 125 321 84 20 116 75 181 16 126 . . . 13 134 27 99 106 82 251 Move 17893 | 90 185 18 470 13 843 948 445 712 162 490 95 581 1715 601 218 341 1402 246 1170 935 184 243 102 930 327 243 140 330 1172 332 202 355 281 1372 Hop 2 | . . . . . . . . . . . . . . . . . . . . . . . . . . . . . 2 . . . . . Pick Up 230 | 9 3 . 5 . 20 27 6 10 . . 6 3 36 8 3 . 15 1 2 . 3 2 1 12 . 1 1 3 26 4 3 8 1 11 Fast Attach 167 | 7 . . . . 2 12 2 1 . . . . 14 3 . 4 26 . 4 5 4 5 . 14 6 . 2 3 23 1 2 1 6 20 Attach 152 | . . . . . 4 5 3 9 . 1 2 2 10 6 1 13 13 . 4 . . 1 . 18 3 2 . 2 20 1 . 11 2 19 Detach 89 | . . . . . 1 3 3 3 . 2 1 1 4 1 . 12 8 . 3 1 2 1 . 9 1 1 . 4 16 . 1 2 1 8 Swap 394 | . 3 . 3 . 34 36 14 17 . 7 3 9 55 17 6 4 27 3 18 10 9 9 5 21 . 1 . . 32 28 4 6 1 12 Drop 232 | 1 3 . 1 . 14 32 6 10 . . . 1 28 5 5 5 15 . 4 . 7 1 1 5 17 1 1 2 35 10 2 9 1 10 Fire 795 | 16 19 . . . 75 63 32 38 . 22 11 16 36 11 . 16 79 6 45 8 5 12 6 49 . 3 3 . 64 6 . 73 22 59 Melee 736 | . . . 4 . 3 15 . 9 . . 1 . 191 59 20 20 86 . 15 61 2 9 2 73 . . . 1 32 21 5 12 8 87 Ram 1 | . . . . . . . . . . . . . . . . . 1 . . . . . . . . . . . . . . . . . Kick 40 | . . . . . . . . . . . . . . . . . 4 . . . . . . . . . . . . . . 1 . 35 Crush 7 | . . . . . . . 3 . . . . . 3 . . . . . . . . . 1 . . . . . . . . . . . Escape Stasis 17 | . . . . . . . . . . . . . 5 7 . 4 . . . . . . . . . . . . . 1 . . . . Rewire 173 | . . . . . . 2 . . . . . . . 9 . 11 1 . . 138 . . . . . . . . . 10 . . . 2 Trap . | . . . . . . . . . . . . . . . . . . . . . . . . . . . . . . . . . . . Miscellaneous 61 | . . . . . . 17 . . . . . . . . . . . . . 33 8 . 3 . . . . . . . . . . . Route ------- -11/Scrapyard -10/Materials -10/Mines -10/Exiles (discovered 2 exits: [*Min x2]) -9/Mines -8/Materials (discovered 3 exits: *Fac x2 / Gar) -8/Garrison (discovered 2 exits: *Mat x2) -8/Materials -7/Factory (discovered 2 exits: *Low x2) -7/Lower Caves -7/Lower Caves (discovered 2 exits: *Fac / *Dat) -7/Data Miner -6/Proximity Caves -6/Factory (discovered 5 exits: *Fac / [*Low] / Gar / Gar / Gar) -6/Garrison -6/Factory -6/Garrison -5/Factory (discovered 2 exits: [*Upp] / *Ext) -5/Waste -5/Factory (discovered 4 exits: *Fac / [*Upp] / *Ext x2) -5/Extension (discovered 2 exits: *Fac / *Cet) -5/Cetus (discovered 2 exits: *Fac / [*Arc]) -5/Archives (discovered 3 exits: *Fac / *Hub x2) -5/Hub_04(d) (discovered 4 exits: *Fac x4) -4/Factory (discovered 3 exits: *Res / *Upp x2) -4/Upper Caves -4/Upper Caves -4/Zhirov -3/Proximity Caves -3/Research (discovered 5 exits: *Res x2 / *Arm / *Tes x2) -3/Armory (discovered 3 exits: Res x2 / *Lab) -3/Lab -2/Research (discovered 5 exits: *Acc x3 / Qua x2) -1/Access -1/Command History --------- Turn | Location | Event 2 | -11/Scrapyard | Met Revision 17 30 | -11/Scrapyard | Discovered new exit (range 15) 167 | -11/Scrapyard | Entered Materials 283 | -10/Materials | Discovered new exit (range 15) 322 | -10/Materials | Build established: Mutant 389 | -10/Materials | Met 8R-AWN 430 | -10/Materials | Entered Mines 431 | -10/Mines | Followed 8R-AWN into the Mines 451 | -10/Mines | Discovered new exit (range 5) 455 | -10/Mines | Entered Exiles 468 | -10/Exiles | Discovered new exit (range 15) 484 | -10/Exiles | Welcomed by 8R-AWN 500 | -10/Exiles | Met EX-HEX 570 | -10/Exiles | Met EX-DEC 600 | -10/Exiles | Learned location of Zion (-6) 618 | -10/Exiles | Met EX-BIN 636 | -10/Exiles | Aligned with FarCom system 637 | -10/Exiles | Given EX-Vault access code 682 | -10/Exiles | Opened EX-Vault 688 | -10/Exiles | Found Longsword +1 710 | -10/Exiles | Warned to stay clear of 0b10 Research branches 806 | -10/Exiles | Discovered new exit (range 10) 907 | -10/Exiles | Learned about 8R-AWN's background 1001 | -10/Exiles | Left Exiles lab with Longsword +1 1001 | -10/Exiles | Entered Mines 1001 | -9/Mines | Discovered new exit (range 13) 1016 | -9/Mines | Entered Materials 1016 | -8/Materials | Evolved 4 slots: Propulsion x2, Utility x2 1165 | -8/Materials | Met 7R-MNS 1243 | -8/Materials | Discovered new exit (range 13) 1940 | -8/Materials | Discovered new exit (range 15) 2245 | -8/Materials | Garrison activated, responded to threat 2456 | -8/Materials | Identified exit to Garrison 2456 | -8/Materials | Entered Garrison 2544 | -8/Garrison | Installed Relay Interface Framework 2611 | -8/Garrison | Phase Generator disabled 2746 | -8/Garrison | Triggered checkpoint 2785 | -8/Garrison | Garrison Relay disabled 2861 | -8/Garrison | Destroyed 8 combat bots 2864 | -8/Garrison | Garrison Relay disabled 2927 | -8/Garrison | Rescued a captive Derelict 3038 | -8/Garrison | Triggered checkpoint 3131 | -8/Garrison | Build established: Bothacker-Mutant 3131 | -8/Garrison | Lost 3 allies 3257 | -8/Garrison | Garrison Relay disabled 3282 | -8/Garrison | Discovered new exit (range 8) 3418 | -8/Garrison | Triggered checkpoint 3492 | -8/Garrison | Discovered new exit (range 12) 3499 | -8/Garrison | Spotted B-75 Beast 3542 | -8/Garrison | Triggered checkpoint 3564 | -8/Garrison | Garrison Relay disabled 3798 | -8/Garrison | Triggered checkpoint 3946 | -8/Garrison | Triggered checkpoint 4179 | -8/Garrison | Destroyed B-75 Beast 4267 | -8/Garrison | Build established: Commander-Mutant 4306 | -8/Garrison | Entered Materials 4306 | -8/Materials | Accompanied by 8 allies 4477 | -8/Materials | Lost 6 allies 4605 | -8/Materials | Repaired Med. Reflective Plating? 4757 | -8/Materials | Build established: Bothacker-Mutant 4893 | -8/Materials | Discovered new exit (range 16) 5077 | -8/Materials | Build established: Scavenger-Mutant 5155 | -8/Materials | Entered Factory 5155 | -7/Factory | Accompanied by 3 allies 5155 | -7/Factory | Evolved 2 slots: Propulsion x1, Utility x1 5555 | -7/Factory | Lost 4 allies 5574 | -7/Factory | Found Prototype Launcher 5574 | -7/Factory | Identified Rocket Array 5583 | -7/Factory | Found Rocket Array 5700 | -7/Factory | Identified exit to Lower Caves 6050 | -7/Factory | Build established: Mutant 6210 | -7/Factory | Fabricated P-60 Hacker? 6284 | -7/Factory | Fabricated P-60 Hacker? 6358 | -7/Factory | Fabricated P-60 Hacker? 6383 | -7/Factory | Fabricated P-60 Hacker? 6454 | -7/Factory | Fabricated P-60 Hacker? 6516 | -7/Factory | Entered Lower Caves 6516 | -7/Lower Caves | Accompanied by 9 allies 6770 | -7/Lower Caves | Discovered new exit (range 8) 6780 | -7/Lower Caves | Identified exit to Lower Caves 6785 | -7/Lower Caves | Build established: Commander-Skirmisher 6789 | -7/Lower Caves | Entered another Lower Caves area 6789 | -7/Lower Caves | Accompanied by 10 allies 6789 | -7/Lower Caves | Discovered new exit (range 8) 6794 | -7/Lower Caves | Attracted the attention of an 0b10 checkpoint 6806 | -7/Lower Caves | Identified exit to Factory 7009 | -7/Lower Caves | Hacker 4i assimilated hostile G-47 Trooper 7072 | -7/Lower Caves | Attracted the attention of an 0b10 outpost 7084 | -7/Lower Caves | Hacker 4b assimilated hostile B-48 Gladiator 7115 | -7/Lower Caves | Lost 5 allies 7222 | -7/Lower Caves | Lost 9 allies 7460 | -7/Lower Caves | Build established: Scavenger-Skirmisher 7656 | -7/Lower Caves | Discovered new exit (range 10) 7671 | -7/Lower Caves | Identified exit to Data Miner 7678 | -7/Lower Caves | Entered Data Miner 7678 | -7/Data Miner | Discovered new exit (range 6) 7710 | -7/Data Miner | Met Data Miner 7752 | -7/Data Miner | Learned location of Section 7 (-2) 7752 | -7/Data Miner | Acquired the access code to Warlord's prototype stash 7769 | -7/Data Miner | Received God Mode back door access code from Data Miner 7781 | -7/Data Miner | Destroyed Data Miner 7783 | -7/Data Miner | Interfaced with the Data Conduit 7786 | -7/Data Miner | Found Prototype Hackware 7791 | -7/Data Miner | Found Prototype Hackware 7866 | -7/Data Miner | Found Exp. Thermal Shield 7888 | -7/Data Miner | Identified exit to Proximity Caves 7890 | -7/Data Miner | Entered Proximity Caves 8772 | -6/Proximity Caves | Attracted the attention of an 0b10 checkpoint 8856 | -6/Proximity Caves | Discovered exit to Factory (range 5) 8879 | -6/Proximity Caves | Entered Factory 8879 | -6/Factory | Evolved 2 slots: Power x1, Utility x1 8880 | -6/Factory | Loaded intel: 253 machine locations 9295 | -6/Factory | Build established: Scavenger-Mutant 9419 | -6/Factory | Identified exit to Garrison 9740 | -6/Factory | Repaired Broken Enh. Flexi-carbon Leg 9830 | -6/Factory | Fabricated Lgt. Armored Exoskeleton (x1) 9906 | -6/Factory | Discovered new exit (range 8) 9988 | -6/Factory | Identified exit to Garrison 10075 | -6/Factory | Fabricated Lgt. Armored Exoskeleton? 10342 | -6/Factory | Discovered new exit (range 5) 10347 | -6/Factory | Identified exit to Factory 10434 | -6/Factory | Build established: Gladiator 10701 | -6/Factory | Identified Deep Network Scanner 10701 | -6/Factory | Identified Ghost Barrier 10929 | -6/Factory | Identified exit to Garrison 10985 | -6/Factory | Garrison activated, responded to threat 11190 | -6/Factory | Garrison activated, responded to threat 11491 | -6/Factory | Intercept squad dispatched 11494 | -6/Factory | Central database locked down 11506 | -6/Factory | Spotted Tracker 11522 | -6/Factory | Spotted Combat Programmer 11531 | -6/Factory | Destroyed Tracker 11550 | -6/Factory | Destroyed Combat Programmer 11558 | -6/Factory | Found Corrupted Prototype Energy Cannon 11679 | -6/Factory | First assault squad dispatched 11680 | -6/Factory | Repaired Lgt. Armored Exoskeleton 11756 | -6/Factory | System corruption reached 10% 11797 | -6/Factory | Lost 4 parts (2p2u) 12086 | -6/Factory | Identified EMDS 12104 | -6/Factory | Fabricated Lgt. Armored Exoskeleton? 12154 | -6/Factory | Repaired Hcp. Storage Unit 12486 | -6/Factory | Entered Garrison 12487 | -6/Garrison | Loaded intel: 37 machine locations 12717 | -6/Garrison | Garrison Relay disabled 12728 | -6/Garrison | Destroyed 8 combat bots 12847 | -6/Garrison | Triggered checkpoint 12944 | -6/Garrison | Destroyed 7 combat bots 13083 | -6/Garrison | Found Unknown Hackware 13087 | -6/Garrison | Found Unknown Hackware 13089 | -6/Garrison | Found Unknown Hackware 13095 | -6/Garrison | Found Unknown Hackware 13177 | -6/Garrison | Discovered new exit (range 10) 13204 | -6/Garrison | Triggered checkpoint 13294 | -6/Garrison | Expanded RIF knowledge: Alert ID Control 13312 | -6/Garrison | Triggered checkpoint 13336 | -6/Garrison | Garrison Relay disabled 13535 | -6/Garrison | System corruption reached 30% 13540 | -6/Garrison | Entered Factory 13540 | -6/Factory | Accompanied by 2 allies 13541 | -6/Factory | Loaded intel: 267 machine locations 13560 | -6/Factory | Build established: Scavenger-Gladiator 13696 | -6/Factory | Identified exit to Garrison 13880 | -6/Factory | Build established: Gladiator 13913 | -6/Factory | Core integrity fell below 50% 13952 | -6/Factory | Entered Garrison 13952 | -6/Garrison | Accompanied by 2 allies 13953 | -6/Garrison | Loaded intel: 37 machine locations 13964 | -6/Garrison | Spotted B-86 Titan 14002 | -6/Garrison | Triggered checkpoint 14006 | -6/Garrison | Garrison Relay disabled 14218 | -6/Garrison | Triggered checkpoint 14231 | -6/Garrison | Triggered checkpoint 14276 | -6/Garrison | Lost 4 allies 14287 | -6/Garrison | Build established: Bothacker-Mutant 14449 | -6/Garrison | Spotted B-75 Beast 14480 | -6/Garrison | Triggered checkpoint 14540 | -6/Garrison | Triggered checkpoint 14585 | -6/Garrison | Expanded RIF knowledge: Command Fork 14613 | -6/Garrison | Discovered exit to Factory (range 10) 14634 | -6/Garrison | Entered Factory 14634 | -5/Factory | Evolved 2 slots: Utility x1, Weapon x1 14635 | -5/Factory | Identified exit to Extension 14636 | -5/Factory | Loaded intel: 241 machine locations 14788 | -5/Factory | Spotted B-75 Beast 14835 | -5/Factory | Fabricated Lgt. Armored Exoskeleton? 14934 | -5/Factory | First assault squad dispatched 15110 | -5/Factory | Fabricated Med. Armored Exoskeleton? 15215 | -5/Factory | Lost 5 parts (1p4n) 15600 | -5/Factory | Cargo convoy interrupted 15643 | -5/Factory | Repaired Enh. Flexi-carbon Leg 15759 | -5/Factory | Fabricated Lgt. Regenerative Plating (x1) 15948 | -5/Factory | Intercept squad dispatched 15966 | -5/Factory | Spotted Tracker 15970 | -5/Factory | Identified Relay Coupler [Proto] (x4) 15980 | -5/Factory | System corruption reached 10% 16040 | -5/Factory | Spotted Combat Programmer 16050 | -5/Factory | Assimilated Combat Programmer with formatsys_high 16063 | -5/Factory | Lost 8 parts (3p1n2u2w) 16086 | -5/Factory | Discovered new exit (range 7) 16127 | -5/Factory | Combat Programmer assimilated hostile G-50 Soldier 16317 | -5/Factory | Build established: Mutant 16445 | -5/Factory | Combat Programmer assimilated hostile S-27 Virus 16450 | -5/Factory | Combat Programmer assimilated hostile S-27 Virus 16502 | -5/Factory | Combat Programmer assimilated hostile B-60 Warrior 16796 | -5/Factory | Build established: Scavenger-Mutant 16862 | -5/Factory | Combat Programmer assimilated hostile H-66 Slayer 17282 | -5/Factory | Sucked down chute 17282 | -5/Factory | Entered Waste 17292 | -5/Waste | Build established: Scavenger-Skirmisher 17342 | -5/Waste | 1 allies followed down the chute 17354 | -5/Waste | Warlord forces began an assault 17416 | -5/Waste | Spotted C-40 Crusher 17425 | -5/Waste | Allies destroyed C-40 Crusher 17431 | -5/Waste | Spotted C-40 Crusher 17438 | -5/Waste | Allies destroyed C-40 Crusher 17453 | -5/Waste | Spotted C-40 Crusher 17460 | -5/Waste | Allies destroyed C-40 Crusher 17468 | -5/Waste | Lost 3 allies 17487 | -5/Waste | Spotted C-40 Crusher 17489 | -5/Waste | Spotted C-40 Crusher 17493 | -5/Waste | Allies destroyed C-40 Crusher 17495 | -5/Waste | Allies destroyed C-40 Crusher 17497 | -5/Waste | Spotted C-40 Crusher 17500 | -5/Waste | Allies destroyed C-40 Crusher 17600 | -5/Waste | Discovered new exit (range 12) 17700 | -5/Waste | Entered Factory 17700 | -5/Factory | Accompanied by 15 allies 17701 | -5/Factory | Loaded intel: 276 machine locations 18009 | -5/Factory | Discovered exit to Extension (range 16) 18097 | -5/Factory | Discovered new exit (range 10) 18151 | -5/Factory | Build established: Mutant 18263 | -5/Factory | Discovered new exit (range 16) 18379 | -5/Factory | Lost 9 allies 18427 | -5/Factory | Core integrity fell below 50% 18470 | -5/Factory | Lost 4 allies 18727 | -5/Factory | Build established: Skirmisher 18833 | -5/Factory | Intercept squad dispatched 18838 | -5/Factory | Spotted Tracker 18852 | -5/Factory | Spotted Combat Programmer 18897 | -5/Factory | Destroyed Combat Programmer 18919 | -5/Factory | Lost 3 parts (1u2w) 18999 | -5/Factory | Destroyed Tracker 19304 | -5/Factory | Build established: Mutant 19387 | -5/Factory | Discovered exit to Extension (range 15) 19407 | -5/Factory | Entered Extension 19408 | -5/Extension | Loaded intel: 35 machine locations 19732 | -5/Extension | Core integrity fell below 20% 19848 | -5/Extension | Build established: Gladiator 19913 | -5/Extension | Rescued a captive Derelict 19922 | -5/Extension | Rescued a captive Derelict 20018 | -5/Extension | Rescued a captive Derelict 20161 | -5/Extension | Rescued a captive Derelict 20187 | -5/Extension | Rescued a captive Derelict 20221 | -5/Extension | Build established: Commander-Gladiator 20381 | -5/Extension | Spotted B-75 Beast 20391 | -5/Extension | Allies destroyed B-75 Beast 20399 | -5/Extension | Spotted B-75 Beast 20423 | -5/Extension | Allies destroyed B-75 Beast 20445 | -5/Extension | Lost 7 allies 20511 | -5/Extension | Rescued A7 20747 | -5/Extension | Discovered new exit (range 16) 20749 | -5/Extension | Discovered new exit (range 14) 20850 | -5/Extension | Rescued a captive Derelict 21080 | -5/Extension | Entered Cetus 21080 | -5/Cetus | Accompanied by 13 allies (A7) 21081 | -5/Cetus | Loaded intel: 24 machine locations 21085 | -5/Cetus | Acquired a Cetus Manufacturing Module code from A7 21100 | -5/Cetus | Spotted Cetus Guard 21100 | -5/Cetus | Spotted Cetus Guard 21107 | -5/Cetus | Spotted Cetus Guard 21109 | -5/Cetus | Spotted Cetus Guard 21116 | -5/Cetus | Allies destroyed Cetus Guard 21118 | -5/Cetus | Allies destroyed Cetus Guard 21120 | -5/Cetus | Allies destroyed Cetus Guard 21126 | -5/Cetus | Destroyed Cetus Guard 21214 | -5/Cetus | Started Cetus Manufacturing Module 21239 | -5/Cetus | Manufactured an Enhanced Grunt 21246 | -5/Cetus | Escorted A7 to Cetus Mainframe 21264 | -5/Cetus | Manufactured an Enhanced Grunt 21289 | -5/Cetus | Manufactured an Enhanced Grunt 21314 | -5/Cetus | Manufactured an Enhanced Grunt 21339 | -5/Cetus | Manufactured an Enhanced Grunt 21358 | -5/Cetus | Discovered new exit (range 16) 21385 | -5/Cetus | Spotted Cetus Guard 21385 | -5/Cetus | Spotted Cetus Guard 21388 | -5/Cetus | Spotted Cetus Guard 21389 | -5/Cetus | Spotted Cetus Guard 21396 | -5/Cetus | Allies destroyed Cetus Guard 21405 | -5/Cetus | Allies destroyed Cetus Guard 21406 | -5/Cetus | Discovered new exit (range 16) 21408 | -5/Cetus | Allies destroyed Cetus Guard 21409 | -5/Cetus | Rewired Cetus Guard 21416 | -5/Cetus | Met Revision 17 21435 | -5/Cetus | Lost 3 allies 21497 | -5/Cetus | Entered Archives 21497 | -5/Archives | Accompanied by 13 allies (A7) 21498 | -5/Archives | Loaded intel: 8 machine locations 21502 | -5/Archives | Received a hacking code to weaken MAIN.C 21553 | -5/Archives | Lost 4 allies 21604 | -5/Archives | Discovered new exit (range 16) 21717 | -5/Archives | Discovered new exit (range 16) 21824 | -5/Archives | Discovered new exit (range 15) 22144 | -5/Archives | Entered Hub_04(d) 22144 | -5/Hub_04(d) | Accompanied by 8 allies 22145 | -5/Hub_04(d) | Loaded intel: 92 machine locations 22178 | -5/Hub_04(d) | Identified exit to Factory 22234 | -5/Hub_04(d) | Network Hub disabled 22359 | -5/Hub_04(d) | Spotted Lightning 22360 | -5/Hub_04(d) | Entered Factory 22360 | -4/Factory | Accompanied by 1 ally 22360 | -4/Factory | Evolved 2 slots: Propulsion x1, Utility x1 22361 | -4/Factory | Loaded intel: 298 machine locations 22834 | -4/Factory | Build established: Scavenger-Gladiator 22906 | -4/Factory | Discovered new exit (range 10) 23316 | -4/Factory | Identified exit to Upper Caves 23524 | -4/Factory | Lost 4 parts (2p2w) 23589 | -4/Factory | Lost 4 parts (1n1u2w) 23699 | -4/Factory | Fabricated Med. Armored Exoskeleton? 23829 | -4/Factory | Garrison activated, responded to threat 23895 | -4/Factory | Lost 7 parts (1p1n3u2w) 24153 | -4/Factory | Entered Upper Caves 24231 | -4/Upper Caves | Spotted B-86 Titan 24270 | -4/Upper Caves | Attracted the attention of an 0b10 checkpoint 24406 | -4/Upper Caves | Found DCF Scrap (12 items) 24457 | -4/Upper Caves | Discovered new exit (range 15) 24464 | -4/Upper Caves | Entered another Upper Caves area 24467 | -4/Upper Caves | Attracted the attention of an 0b10 checkpoint 24600 | -4/Upper Caves | Discovered new exit (range 8) 24603 | -4/Upper Caves | Build established: Hacker-Mutant 24604 | -4/Upper Caves | Entered Zhirov 24604 | -4/Zhirov | Discovered new exit (range 3) 24614 | -4/Zhirov | Met Zhirov 24637 | -4/Zhirov | Zhirov requested help retrieving the SGEMP Prototype 24645 | -4/Zhirov | Found Alien Artifact 24645 | -4/Zhirov | Identified Integrated Dissipator 24645 | -4/Zhirov | Installed Integrated Dissipator, increased core heat dissipation (+20) 24655 | -4/Zhirov | Found Alien Artifact 24686 | -4/Zhirov | Entered Proximity Caves 24794 | -3/Proximity Caves | Core integrity fell below 50% 24803 | -3/Proximity Caves | Attracted the attention of an 0b10 checkpoint 24879 | -3/Proximity Caves | Discovered new exit (range 14) 24893 | -3/Proximity Caves | Entered Research 24893 | -3/Research | Evolved 2 slots: Utility x2 24894 | -3/Research | Loaded intel: 85 machine locations 24923 | -3/Research | Lost 4 parts (1p3n) 25008 | -3/Research | Identified exit to Armory 25008 | -3/Research | Identified exit to Testing 25086 | -3/Research | Fabricated Hvy. Armored Exoskeleton (x1) 25093 | -3/Research | Revision forces began assault on 0b10 25227 | -3/Research | Met up with Revision 17++ 25351 | -3/Research | Lost 4 allies 25463 | -3/Research | Build established: Hacker-Skirmisher 25529 | -3/Research | Fabricated Exp. Weapon Shielding (x1) 25593 | -3/Research | Research terminal network offline 25661 | -3/Research | Intercept squad dispatched 25669 | -3/Research | Spotted Tracker 25697 | -3/Research | Spotted Combat Programmer 25719 | -3/Research | Spotted Striker 25720 | -3/Research | Spotted Striker 25737 | -3/Research | Destroyed Striker 25737 | -3/Research | Spotted Striker 25757 | -3/Research | Destroyed Striker 25776 | -3/Research | Lost 5 allies 25849 | -3/Research | Spotted Striker 25857 | -3/Research | Destroyed Striker 25910 | -3/Research | Discovered new exit (range 16) 26085 | -3/Research | Found Exp. Shield Generator 26086 | -3/Research | Discovered new exit (range 4) 26183 | -3/Research | Intercept squad dispatched 26195 | -3/Research | Spotted Tracker 26210 | -3/Research | Destroyed Tracker 26253 | -3/Research | Spotted Combat Programmer 26278 | -3/Research | Destroyed Combat Programmer 26313 | -3/Research | Spotted Executioner 26477 | -3/Research | Build established: Hacker-Mutant 26576 | -3/Research | Entered Armory 26577 | -3/Armory | Loaded intel: 68 machine locations 26978 | -3/Armory | Identified exit to Research 27035 | -3/Armory | Intercept squad dispatched 27040 | -3/Armory | Spotted Tracker 27040 | -3/Armory | Spotted Tracker 27052 | -3/Armory | Destroyed Tracker 27055 | -3/Armory | Found Prototype Device 27055 | -3/Armory | Identified Exp. Phase Shifter 27061 | -3/Armory | Allies destroyed Tracker 27068 | -3/Armory | Found Exp. Phase Shifter 27079 | -3/Armory | Found Exp. Targeting Computer 27081 | -3/Armory | Identified Transdimensional Reconstructor 27081 | -3/Armory | Warped through subspace to slip node 27081 | -3/Armory | Discovered new exit (range 1) 27083 | -3/Armory | Entered Lab 27083 | -3/Lab | Discovered exit to Research (range 9) 27095 | -3/Lab | Hidden lab's door opened automatically 27095 | -3/Lab | Sensor layout match revealed 27096 | -3/Lab | Gained access to the hidden lab's interior 27101 | -3/Lab | Decrypted terminal 27130 | -3/Lab | Found Prototype Special Weapon 27130 | -3/Lab | Identified Gui. Remote Datajack 27162 | -3/Lab | Decrypted terminal 27162 | -3/Lab | Acquired modification code for an L2 power cell 27230 | -3/Lab | Found Deep Network Scanner 27354 | -3/Lab | Found Prototype Protection 27354 | -3/Lab | Identified Exp. Powered Armor 27374 | -3/Lab | Found Alien Artifact 27382 | -3/Lab | Found Integrated Dissipator 27382 | -3/Lab | Installed Integrated Dissipator, increased core heat dissipation (+20) 27393 | -3/Lab | Found Transdimensional Reconstructor 27420 | -3/Lab | Entered Research 27420 | -2/Research | Evolved 2 slots: Utility x1, Weapon x1 27421 | -2/Research | Loaded intel: 100 machine locations 27543 | -2/Research | Identified exit to Access 27547 | -2/Research | Identified exit to Quarantine 27672 | -2/Research | Fabricated Exp. Utility Shielding (x1) 27852 | -2/Research | Build established: Hacker-Tank 27890 | -2/Research | Intercept squad dispatched 27896 | -2/Research | Spotted Tracker 27896 | -2/Research | Spotted Tracker 27903 | -2/Research | Destroyed Tracker 27906 | -2/Research | Destroyed Tracker 27923 | -2/Research | Spotted Combat Programmer 27928 | -2/Research | Destroyed Combat Programmer 27938 | -2/Research | Spotted Combat Programmer 27948 | -2/Research | Destroyed Combat Programmer 28036 | -2/Research | Identified Core Regenerator 28036 | -2/Research | Used Core Regenerator, restored core integrity (+17) 28037 | -2/Research | Entered Access 28037 | -1/Access | Evolved 2 slots: Power x1, Utility x1 28038 | -1/Access | Loaded intel: 122 machine locations 28039 | -1/Access | Destroyed 18 combat bots 28061 | -1/Access | Lost 5 parts (3u2w) 28334 | -1/Access | Build established: Hacker-Mutant 28414 | -1/Access | Repaired Broken Adv. Reaction Control System 28463 | -1/Access | Discovered new exit (range 7) 28470 | -1/Access | Entered Command 28471 | -1/Command | Loaded intel: 59 machine locations 28539 | -1/Command | Repaired Hvy. Armored Exoskeleton 28595 | -1/Command | Repaired Exp. Shield Generator 28894 | -1/Command | Repaired Adv. Reaction Control System 29166 | -1/Command | Found Fusion Bomb Launcher 29285 | -1/Command | System corruption reached 10% 29581 | -1/Command | Build established: Hacker-Gunner 29721 | -1/Command | Spotted B-99 Colossus 29907 | -1/Command | Spotted M Guard 29907 | -1/Command | Spotted Combat Programmer 29911 | -1/Command | Spotted M Guard 29923 | -1/Command | Spotted Combat Programmer 29934 | -1/Command | Destroyed Combat Programmer 29961 | -1/Command | Lost 4 parts (1p2u1w) 30037 | -1/Command | Core integrity fell below 50% 30069 | -1/Command | Lost 17 parts (4p4n4u5w) 30271 | -1/Command | System corruption reached 30% 30320 | -1/Command | Core integrity fell below 20% 30370 | -1/Command | Destroyed by P-80 Master with Gamma Rifle Last Messages --------------- 30332_ Kicked P-80 Master. 30333_ Kicked P-80 Master out of the way. 30333_ Imp. VSS Leg destroyed. 30334_ P-80 Master resets P-80 Master, system corruption cleaned. 30336_ System corrupted: Matter fused (-7). 30342_ Kicked P-80 Master. 30345_ Mic. Antimatter Reactor destroyed. 30346_ Kicked P-80 Master. 30347_ Kicked P-80 Master out of the way. 30348_ Kicked P-80 Master. 30350_ Kicked P-80 Master out of the way. 30351_ 9PMM77OOM3ZA 30351_ Kicked P-80 Master. 30355_ Kicked P-80 Master out of the way. 30358_ Biometal Leg destroyed. 30359_ Kicked P-80 Master. 30362_ Kicked P-80 Master out of the way. 30365_ Kicked P-80 Master. 30368_ System corrupted: Energy discharge (-30). 30368_ Kicked P-80 Master. Map ----- +----------------------------------------------------+ | | | | | | | | | | | | | | | | | | | | | | | | | | | | | | | | | | | | | | | | | ###############??????????????????????????????????? | | ! #########??????????????????????????? | | !+| !%!#??????????????????????????? | | "" #######!#??????????????????????????? | | "" """ #?????#%############################ | | """" R" #?????#|%p%@p + | | """" """ #?????####!!% #### | | "" #????????#%! " #??# | | ##########!%! #??# | | + +! T" #??# "" | | ########## "" #### """" | | ######+##"############## "" + """" | | " + ## ###### "" | | # # ## #????# | | # # #######;######## | | + + #?????# | | # # #?????# | | # # #?????########## | | # #### ##########??????????????# | | # ####"####????????????????????# | | # # #????????????????????# ######## # | | #### # ###???????????######## #??????# # | | ??## # "" "#???????????# #??????# # | | ?? #""" ""#???????????# #??#####+# | | ? # T ""#???????????# #### | | # "" ""#???????????# + | | ? # "" ""#???????????# # | | ?? # ! T"#???????????# # """ | | ?? + ""#???????????# + "R | | ??? # ""#???????????# # """ | +----------------------------------------------------+ Best States ------------- Heat Dissipation 97 Coolant Potential 100 Energy Generation 65 Energy Capacity 710 Matter Stores 727 Matter Capacity 800 Sight Range 16 Robot Scan Range 15 Terrain Scan Range 20 Terrain Scan Density 110 Cloak Strength 3 Armor Coverage 750 Resistance: TH 30 Core Shielding 40 Utility Shielding 90 Weapon Shielding 90 Point Defense Rating 240 Melee Speed Boost 40 Phase Shifting 20 Evasion (%) 87 Targeting Accuracy 12 Melee Accuracy 6 Target Analysis 12 Core Analysis 9 Armor Integrity Analysis 30 Recoil Reduction 5 Salvage Targeting 3 Offensive Hacking 50 Defensive Hacking 20 Relay Coupler Types 2 Relay Coupler Value 53 Authchip Count 6 Item Schematics ----------------- Humpback | -8/Materials | Scanalyzed Imp. Trap Extractor | -8/Materials | Scanalyzed Plasma Cutter | -8/Materials | Scanalyzed Adv. Hacking Suite | -8/Materials | Scanalyzed Adv. Cooling System | -8/Materials | Scanalyzed Imp. Weapon Cycler | -8/Materials | Scanalyzed KE Penetrator | -8/Materials | Scanalyzed Combat Drone Bay | -7/Data Miner | Free Lgt. Regenerative Plating | -7/Data Miner | Free Cld. Cesium-ion Thruster | -7/Data Miner | Free Gravity Neutralizer | -7/Data Miner | Free Imp. Heavy Machine Gun | -7/Data Miner | Free Arm. Medium Treads | -7/Data Miner | Free Imp. Transmission Jammer | -7/Data Miner | Free Wave Gun | -7/Data Miner | Free Hvy. Siege Treads | -7/Data Miner | Free Enh. Flexi-carbon Leg | -6/Factory | Scanalyzed Lgt. Armored Exoskeleton | -6/Factory | Hacked Adv. Energy Well | -6/Factory | Scanalyzed Med. Armored Exoskeleton | -5/Factory | Hacked Assault Drone Bay | -4/Zhirov | Free Exp. Heat Sink | -4/Zhirov | Free Exp. Optical Array | -4/Zhirov | Free Imp. Arc Thrower | -4/Zhirov | Free Cmb. Linear Gravjet | -3/Research | Hacked Hvy. Armored Exoskeleton | -3/Research | Hacked Exp. Weapon Shielding | -3/Research | Hacked Nanoactuators | -3/Armory | Hacked Exp. Utility Shielding | -2/Research | Hacked Robot Schematics ------------------ P-60 Hacker | -7/Factory | Hacked W-25 Informer | -7/Data Miner | Free A-15 Conveyor | -7/Data Miner | Free B-48 Gladiator | -7/Data Miner | Free Fabricated ------------ P-60 Hacker | x2 | -7/Factory | Authchip P-60 Hacker | x2 | -7/Factory | Authchip P-60 Hacker | x2 | -7/Factory | Authchip P-60 Hacker | x2 | -7/Factory | Authchip P-60 Hacker | x2 | -7/Factory | Authchip Lgt. Armored Exoskeleton | x1 | -6/Factory Lgt. Armored Exoskeleton | x1 | -6/Factory Lgt. Armored Exoskeleton | x1 | -6/Factory Lgt. Armored Exoskeleton | x1 | -5/Factory Med. Armored Exoskeleton | x1 | -5/Factory Lgt. Regenerative Plating | x1 | -5/Factory Med. Armored Exoskeleton | x1 | -4/Factory Hvy. Armored Exoskeleton | x1 | -3/Research Exp. Weapon Shielding | x1 | -3/Research Exp. Utility Shielding | x1 | -2/Research Alien Tech Used ----------------- Integrated Dissipator Transdimensional Reconstructor Core Regenerator Achievements -------------- Can't Touch This Challenges ------------ None Game ------ Seed ZhirovShadingGenerator Manual? 0 Play Time 12:23:19 Cumulative 252.8 hours Start 2024.12.22 @ 20:00:12 End 2024.12.23 @ 22:50:54 Sessions 9 Manual Loads 0 Difficulty Rogue Special Mode None Game No. 43 Rogue 43 Adventurer 0 Explorer 0 Win Type - Total 10 Types 3/0/4/1/1/0/0/1/0 Lore% 49 Gallery% 69 Achievement% 64 Wizard Run 0 Options --------- Layout 0 ASCII 0 Keyboard 1 Movement Arrows Keybinds 0 Fullscreen 1 Font 12/Cog Map View 83x54 Zoom Use 0% Tactical HUD 1 Map Filters NONE Filters NONE Steam 0 RUN: 608446de-530d-42ae-a38e-59c2300760e8